Workbook

Sheet YAHUALICA 2023
R2: fecha | S2: 47754
R3: inicio | S3: =DATE(YEAR(S2),MONTH(S2),1) -> 47727
C4: Mes | D4: =S2 -> 47754
A6: No. INVENTARIO | D6: BIEN MUEBLE E INMUEBLE | E6: MARCA | F6: MODELO | G6: SERIE | H6: AREA DE ADSCRIPCION | I6: Fecha Ad. | J6: Valor de adquisición | K6: V.U. (meses) | L6: Inicio Dep | M6: Fin Dep. | N6: Dep. Mensual | O6: Meses de Uso | P6: Dep Mes | Q6: Dep. Ant | R6: Dep. Acumulada | S6: V.S.L | T6: verfi.
A7: 5150010002-019 | D7: COMPUTADORA PERSONAL MULTIMEDIA, COMPAQ PRESARIO CQ1-140LA PC, COLOR NEGRO, PANTALLA LCD ANCHA HD 18,5", 16:9, PROCESADOR INTEL ATOM D525, MEMORIA INTERNA DE 2GB, DISCO DURO DE 500 GB, GRABADOR DE DVD, TARJETA GRAFICA INTEGRADA, INTEL GMA 3150, RED INALAMBRICA 802.11b/g/n, CAMARA WEP, TECLADO Y MOUSE OPTICO, LECTOR DE TARJETAS DE MEMORIA 6 EN 1, WINDOWS 7 STARTED ORIGINAL 32 BIT, OFFICE 2010, APROBADO POR ENERGY STAR | E7: COMPAC | F7: CQ1-1407LA | G7: 3CR21005Y1 | H7: CONTRALORÍA MUNICIPAL | I7: 41127 | J7: 5999.01 | K7: 36 | L7: =DATE(YEAR(I7),MONTH(I7),1) -> 41122 | M7: =EDATE(L7,K7)-1 -> 42216 | N7: =+J7/K7 -> 166.63917 | O7: =IF($S$3<L7,"N",IF($S$3>M7,"T",DATEDIF(L7,$S$3,"m"))) -> T | P7: =IF(ISNUMBER(O7),N7,0) -> 0 | Q7: =IF(O7="t",K7*N7,IF(ISNUMBER(O7),O7*N7,0)) -> 5999.01 | R7: =+Q7+P7 -> 5999.01 | S7: =+J7-R7 -> 0 | T7: =IF(Q7=0,J7-P7-R7,J7-Q7-P7-S7) -> 0 | AE7: Inicio | AM7: FIN
A8: 5150010001-051 | D8: LAPTOP DELL INSPIRON 14 3467, PROCESADOR INTEL CORE I5 7200U (HASTA 3.10 GHz), MEMORIA RAM DE 8GB DDR4, DISCO DURO DE 1TB, PANTALLA DE 14" LED, VIDEO HD GRAPHICS 620, UNIDAD ÓPTICA DVD+R/RW, SISTEMA OPERATIVO WINDOWS 10 HOME (64 BITS) | E8: DELL | F8: INSPIRON 14 3467 | G8: 4T23FT2 | H8: CONTRALORÍA MUNICIPAL | I8: 43704 | J8: 19980 | K8: 36 | L8: =DATE(YEAR(I8),MONTH(I8),1) -> 43678 | M8: =EDATE(L8,K8)-1 -> 44773 | N8: =+J8/K8 -> 555 | O8: =IF($S$3<L8,"N",IF($S$3>M8,"T",DATEDIF(L8,$S$3,"m"))) -> T | P8: =IF(ISNUMBER(O8),N8,0) -> 0 | Q8: =IF(O8="t",K8*N8,IF(ISNUMBER(O8),O8*N8,0)) -> 19980 | R8: =+Q8+P8 -> 19980 | S8: =+J8-R8 -> 0 | T8: =IF(Q8=0,J8-P8-R8,J8-Q8-P8-S8) -> 0 | AE8: =L7 -> 41122 | AM8: =M7 -> 42216
A9: 5150010001-028 | D9: LAPTOP DELL LATITUDE E3470: PROCESADOR INTEL CORE I5 6200U, MEMORIA DE 4GB DDR3L, DISCO DURO 1TB, PANTALLA DE 14 LED, VIDEO INTEL HD GRAPHICS 520, UNIDAD ÓPTICA NO INCLUIDA, S.O. WINDOWS 10 PRO 64 BITS. | E9: DELL | F9: LATITUDE E3470 | G9: 9MHPWB2 | H9: CONTRALORÍA MUNICIPAL | I9: 42923 | J9: 23569.33 | K9: 36 | L9: =DATE(YEAR(I9),MONTH(I9),1) -> 42917 | M9: =EDATE(L9,K9)-1 -> 44012 | N9: =+J9/K9 -> 654.70361 | O9: =IF($S$3<L9,"N", IF($S$3>M9,"T", DATEDIF(L9,$S$3,"m"))) -> T | P9: =IF(ISNUMBER(O9),N9,0) -> 0 | Q9: =IF(O9="t",K9*N9,IF(ISNUMBER(O9),O9*N9,0)) -> 23569.33 | R9: =+Q9+P9 -> 23569.33 | S9: =+J9-R9 -> 0 | T9: =IF(Q9=0,J9-P9-R9,J9-Q9-P9-S9) -> 0 | AH9: F. Trabajo
A10: 5150010001-024 | D10: LAPTOP DELL INSPIRON 15 CI5 8GB 1TB | E10: DELL | F10: INSPIRON 15 CI5 | G10: 17423905070 | H10: CONTRALORÍA MUNICIPAL | I10: 42872 | J10: 22000 | K10: 36 | L10: =DATE(YEAR(I10),MONTH(I10),1) -> 42856 | M10: =EDATE(L10,K10)-1 -> 43951 | N10: =+J10/K10 -> 611.11111 | O10: =IF($S$3<L10,"N", IF($S$3>M10,"T", DATEDIF(L10,$S$3,"m"))) -> T | P10: =IF(ISNUMBER(O10),N10,0) -> 0 | Q10: =IF(O10="t",K10*N10,IF(ISNUMBER(O10),O10*N10,0)) -> 22000 | R10: =+Q10+P10 -> 22000 | S10: =+J10-R10 -> 0 | T10: =IF(Q10=0,J10-P10-R10,J10-Q10-P10-S10) -> 0 | W10: Fechas | Z10: =IF($S$3<$AE$8,$S$3,"") | AH10: =IF(AND($S$3>=$AE$8,$S$3<$AM$8),$S$3,"") | AL10: =IF($S$3>$AM$8,$S$3,"") -> 47727
A11: 5150010002-001 | D11: ALL IN ONE HP ONE 205G1 E1-2500 4 GB 500 GB, DVDRW 18.5 FREDOS 1-1-1 | E11: HP | F11: 205 G1 | G11: 4CE4120S4Y | H11: CONTRALORÍA MUNICIPAL | I11: 41932 | J11: 12501.97 | K11: 36 | L11: =DATE(YEAR(I11),MONTH(I11),1) -> 41913 | M11: =EDATE(L11,K11)-1 -> 43008 | N11: =+J11/K11 -> 347.27694 | O11: =IF($S$3<L11,"N",IF($S$3>M11,"T",DATEDIF(L11,$S$3,"m"))) -> T | P11: =IF(ISNUMBER(O11),N11,0) -> 0 | Q11: =IF(O11="t",K11*N11,IF(ISNUMBER(O11),O11*N11,0)) -> 12501.97 | R11: =+Q11+P11 -> 12501.97 | S11: =+J11-R11 -> 0 | T11: =IF(Q11=0,J11-P11-R11,J11-Q11-P11-S11) -> 0 | W11: Meses | Z11: =IF(Z10<>"",0,"") | AG11: Meses Usados | AH11: =IF(AH10<>"",DATEDIF(AE8,AH10,"M"),"") | AL11: =IF(AL10<>"",DATEDIF(AE8,AM8,"M")+1,"") -> 36
A12: 5150010008-002 | D12: ÉSCANER DUPLEX WORK FORCE ES-400 CON RESOLUCIÓN DE 600 X 600 DPI, ESCÁNER COLOR, ESCANEADO DÚPLEX, USB 3.0. COLOR NEGRO | E12: EPSON | F12: ES-400 | G12: X2H8073259 | H12: CONTRALORÍA MUNICIPAL | I12: 43249 | J12: 9837.99 | K12: 36 | L12: =DATE(YEAR(I12),MONTH(I12),1) -> 43221 | M12: =EDATE(L12,K12)-1 -> 44316 | N12: =+J12/K12 -> 273.2775 | O12: =IF($S$3<L12,"N",IF($S$3>M12,"T",DATEDIF(L12,$S$3,"m"))) -> T | P12: =IF(ISNUMBER(O12),N12,0) -> 0 | Q12: =IF(O12="t",K12*N12,IF(ISNUMBER(O12),O12*N12,0)) -> 9837.99 | R12: =+Q12+P12 -> 9837.99 | S12: =+J12-R12 -> 0 | T12: =IF(Q12=0,J12-P12-R12,J12-Q12-P12-S12) -> 0
A13: 5150010003-034 | D13: IMPRESORA PORTÁTIL DE INYECCIÓN DE TINTA EPSON, WF-100W, RESOLUCIÓN HASTA 5,760 X 1,440 DPI, USB, WI-FI. | E13: EPSON | F13: WF-100W | G13: WKHK000347 | H13: CONTRALORÍA MUNICIPAL | I13: 43008 | J13: 12559.2 | K13: 36 | L13: =DATE(YEAR(I13),MONTH(I13),1) -> 42979 | M13: =EDATE(L13,K13)-1 -> 44074 | N13: =+J13/K13 -> 348.86667 | O13: =IF($S$3<L13,"N",IF($S$3>M13,"T",DATEDIF(L13,$S$3,"m"))) -> T | P13: =IF(ISNUMBER(O13),N13,0) -> 0 | Q13: =IF(O13="t",K13*N13,IF(ISNUMBER(O13),O13*N13,0)) -> 12559.2 | R13: =+Q13+P13 -> 12559.2 | S13: =+J13-R13 -> 0 | T13: =IF(Q13=0,J13-P13-R13,J13-Q13-P13-S13) -> 0
A14: 5110010005-009 | D14: SILLA PREMIUM PIEL VACUNA NG | E14: PREMIUM | F14: SN | G14: SN | H14: CONTRALORÍA MUNICIPAL | I14: 42787 | J14: 11838.15 | K14: 120 | L14: =DATE(YEAR(I14),MONTH(I14),1) -> 42767 | M14: =EDATE(L14,K14)-1 -> 46418 | N14: =+J14/K14 -> 98.65125 | O14: =IF($S$3<L14,"N",IF($S$3>M14,"T",DATEDIF(L14,$S$3,"m"))) -> T | P14: =IF(ISNUMBER(O14),N14,0) -> 0 | Q14: =IF(O14="t",K14*N14,IF(ISNUMBER(O14),O14*N14,0)) -> 11838.15 | R14: =+Q14+P14 -> 11838.15 | S14: =+J14-R14 -> 0 | T14: =IF(Q14=0,J14-P14-R14,J14-Q14-P14-S14) -> 0
A15: 5110010005-015 | D15: SILLA EJECUTIVA CALIGARI NEGRO | E15: CALIGARI | F15: EXECUTIVE CHAIR | G15: SN | H15: CONTRALORÍA MUNICIPAL | I15: 43010 | J15: 3986.69 | K15: 120 | L15: =DATE(YEAR(I15),MONTH(I15),1) -> 43009 | M15: =EDATE(L15,K15)-1 -> 46660 | N15: =+J15/K15 -> 33.222417 | O15: =IF($S$3<L15,"N",IF($S$3>M15,"T",DATEDIF(L15,$S$3,"m"))) -> T | P15: =IF(ISNUMBER(O15),N15,0) -> 0 | Q15: =IF(O15="t",K15*N15,IF(ISNUMBER(O15),O15*N15,0)) -> 3986.69 | R15: =+Q15+P15 -> 3986.69 | S15: =+J15-R15 -> 0 | T15: =IF(Q15=0,J15-P15-R15,J15-Q15-P15-S15) -> 0 | U15: =DATEDIF(L15,M15,"M") -> 119
A16: 5110010005-014 | D16: ESCRITORIO EN L HAVANO | E16: SM | F16: SM | G16: SN | H16: CONTRALORÍA MUNICIPAL | I16: 42891 | J16: 3999 | K16: 120 | L16: =DATE(YEAR(I16),MONTH(I16),1) -> 42887 | M16: =EDATE(L16,K16)-1 -> 46538 | N16: =+J16/K16 -> 33.325 | O16: =IF($S$3<L16,"N",IF($S$3>M16,"T",DATEDIF(L16,$S$3,"m"))) -> T | P16: =IF(ISNUMBER(O16),N16,0) -> 0 | Q16: =IF(O16="t",K16*N16,IF(ISNUMBER(O16),O16*N16,0)) -> 3999 | R16: =+Q16+P16 -> 3999 | S16: =+J16-R16 -> 0 | T16: =IF(Q16=0,J16-P16-R16,J16-Q16-P16-S16) -> -4.5474735e-13
A17: 5210010002-001 | D17: VIDEOPROYECTOR EPSON 730 HD | E17: EPSON | F17: H558A | G17: VBJK4X00161 | H17: CONTRALORÍA MUNICIPAL | I17: 42084 | J17: 12168.4 | K17: 36 | L17: =DATE(YEAR(I17),MONTH(I17),1) -> 42064 | M17: =EDATE(L17,K17)-1 -> 43159 | N17: =+J17/K17 -> 338.01111 | O17: =IF($S$3<L17,"N",IF($S$3>M17,"T",DATEDIF(L17,$S$3,"m"))) -> T | P17: =IF(ISNUMBER(O17),N17,0) -> 0 | Q17: =IF(O17="t",K17*N17,IF(ISNUMBER(O17),O17*N17,0)) -> 12168.4 | R17: =+Q17+P17 -> 12168.4 | S17: =+J17-R17 -> 0 | T17: =IF(Q17=0,J17-P17-R17,J17-Q17-P17-S17) -> 0
A18: 5110010001-013 | D18: ESCRITORIO METALICO DE 1.50 M | E18: SM | F18: SM | G18: SN | H18: CONTRALORÍA MUNICIPAL | I18: 41309 | J18: 2650 | K18: 120 | L18: =DATE(YEAR(I18),MONTH(I18),1) -> 41306 | M18: =EDATE(L18,K18)-1 -> 44957 | N18: =+J18/K18 -> 22.083333 | O18: =IF($S$3<L18,"N",IF($S$3>M18,"T",DATEDIF(L18,$S$3,"m"))) -> T | P18: =IF(ISNUMBER(O18),N18,0) -> 0 | Q18: =IF(O18="t",K18*N18,IF(ISNUMBER(O18),O18*N18,0)) -> 2650 | R18: =+Q18+P18 -> 2650 | S18: =+J18-R18 -> 0 | T18: =IF(Q18=0,J18-P18-R18,J18-Q18-P18-S18) -> 0
A19: 5150010003-002 | D19: MULTIFUNCIONAL EPSON L350, TINTA CONTINUA 600DPI 33 PPM NEG 15 PPM | E19: EPSON | F19: L350 | G19: Q8BK037577 | H19: CONTRALORÍA MUNICIPAL | I19: 41932 | J19: 5902.62 | K19: 36 | L19: =DATE(YEAR(I19),MONTH(I19),1) -> 41913 | M19: =EDATE(L19,K19)-1 -> 43008 | N19: =+J19/K19 -> 163.96167 | O19: =IF($S$3<L19,"N",IF($S$3>M19,"T",DATEDIF(L19,$S$3,"m"))) -> T | P19: =IF(ISNUMBER(O19),N19,0) -> 0 | Q19: =IF(O19="t",K19*N19,IF(ISNUMBER(O19),O19*N19,0)) -> 5902.62 | R19: =+Q19+P19 -> 5902.62 | S19: =+J19-R19 -> 0 | T19: =IF(Q19=0,J19-P19-R19,J19-Q19-P19-S19) -> 0
A20: 5150010005-002 | D20: DISCO DURO ADATA HD650 2TB. | E20: ADATA | F20: HD650 | G20: 1E3220136761 | H20: CONTRALORÍA MUNICIPAL | I20: 42601 | J20: 5798.54 | K20: 36 | L20: =DATE(YEAR(I20),MONTH(I20),1) -> 42583 | M20: =EDATE(L20,K20)-1 -> 43677 | N20: =+J20/K20 -> 161.07056 | O20: =IF($S$3<L20,"N",IF($S$3>M20,"T",DATEDIF(L20,$S$3,"m"))) -> T | P20: =IF(ISNUMBER(O20),N20,0) -> 0 | Q20: =IF(O20="t",K20*N20,IF(ISNUMBER(O20),O20*N20,0)) -> 5798.54 | R20: =+Q20+P20 -> 5798.54 | S20: =+J20-R20 -> 0 | T20: =IF(Q20=0,J20-P20-R20,J20-Q20-P20-S20) -> 0
A21: 5150010002-033 | D21: COMPUTADORA DE ESCRITORIO LENOVO C SERIES, COLOR BLANCO, PROCESADOR INTEL ATOM, RAM 2G, ADD: 500G, ODD: DVDRW, PANTALLA DE 18.5" LCD, ,OS: W7. | E21: LENOVO | F21: C SERIES | G21: VS30228161 | H21: DIRECCIÓN DE PROTECCIÓN CIVIL | I21: 41159 | J21: 5990.01 | K21: 36 | L21: =DATE(YEAR(I21),MONTH(I21),1) -> 41153 | M21: =EDATE(L21,K21)-1 -> 42247 | N21: =+J21/K21 -> 166.38917 | O21: =IF($S$3<L21,"N",IF($S$3>M21,"T",DATEDIF(L21,$S$3,"m"))) -> T | P21: =IF(ISNUMBER(O21),N21,0) -> 0 | Q21: =IF(O21="t",K21*N21,IF(ISNUMBER(O21),O21*N21,0)) -> 5990.01 | R21: =+Q21+P21 -> 5990.01 | S21: =+J21-R21 -> 0 | T21: =IF(Q21=0,J21-P21-R21,J21-Q21-P21-S21) -> 0
A22: 5230010001-026 | D22: CAMARA DIGITAL SONY CYBER SHOT, 20.1 MEGAPIXELES, 3.6 V | E22: SONY | F22: DSC-W610 | G22: 5363347 | H22: DIRECCIÓN DE PROTECCIÓN CIVIL | I22: 42730 | J22: 3316.1 | K22: 36 | L22: =DATE(YEAR(I22),MONTH(I22),1) -> 42705 | M22: =EDATE(L22,K22)-1 -> 43799 | N22: =+J22/K22 -> 92.113889 | O22: =IF($S$3<L22,"N",IF($S$3>M22,"T",DATEDIF(L22,$S$3,"m"))) -> T | P22: =IF(ISNUMBER(O22),N22,0) -> 0 | Q22: =IF(O22="t",K22*N22,IF(ISNUMBER(O22),O22*N22,0)) -> 3316.1 | R22: =+Q22+P22 -> 3316.1 | S22: =+J22-R22 -> 0 | T22: =IF(Q22=0,J22-P22-R22,J22-Q22-P22-S22) -> 4.5474735e-13
A23: 5110010005-003 | D23: SILLA SECRETARIAL COLOR NEGRO EN TAPIZADOS EN VINIL, CON AJUSTE DE ALTURA NEUMATICO, BASE TIPO ESTRELLA DE 5 PUNTAS GIRATORIA 360° CON | E23: S/M | F23: S/M | G23: S/N | H23: DIRECCIÓN DE PROTECCIÓN CIVIL | I23: 41309 | J23: 2450 | K23: 120 | L23: =DATE(YEAR(I23),MONTH(I23),1) -> 41306 | M23: =EDATE(L23,K23)-1 -> 44957 | N23: =+J23/K23 -> 20.416667 | O23: =IF($S$3<L23,"N",IF($S$3>M23,"T",DATEDIF(L23,$S$3,"m"))) -> T | P23: =IF(ISNUMBER(O23),N23,0) -> 0 | Q23: =IF(O23="t",K23*N23,IF(ISNUMBER(O23),O23*N23,0)) -> 2450 | R23: =+Q23+P23 -> 2450 | S23: =+J23-R23 -> 0 | T23: =IF(Q23=0,J23-P23-R23,J23-Q23-P23-S23) -> 0
A24: 5150010001-048 | D24: LAPTOP HP 240 G6: PROCESADOR INTEL CELERON N 3060, MEMORIA DE 4 GB DDR3L, DISCO DURO DE 500 GB, PANTALLA DE 14" LED, VIDEO HD GRAPHICS, S.O WINDOWS 10 HOME, 64 BITS. | E24: HP | F24: 240 G6 | G24: 5CD8184R21 | H24: DIRECCIÓN DE SEGURIDAD PÚBLICA Y TRÁNSITO MUNICIPAL | I24: 43353 | J24: 8700 | K24: 36 | L24: =DATE(YEAR(I24),MONTH(I24),1) -> 43344 | M24: =EDATE(L24,K24)-1 -> 44439 | N24: =+J24/K24 -> 241.66667 | O24: =IF($S$3<L24,"N",IF($S$3>M24,"T",DATEDIF(L24,$S$3,"m"))) -> T | P24: =IF(ISNUMBER(O24),N24,0) -> 0 | Q24: =IF(O24="t",K24*N24,IF(ISNUMBER(O24),O24*N24,0)) -> 8700 | R24: =+Q24+P24 -> 8700 | S24: =+J24-R24 -> 0 | T24: =IF(Q24=0,J24-P24-R24,J24-Q24-P24-S24) -> 0
A25: 5150010002-032 | D25: ALL IN ONE LENOVO S20-00 19.5 PULGADAS, RAM 4GB, INTEL CEL DC J1800 2GB 500GB WIF HDMI DVDRW FREEDOS NEGRA, W 8.1. | E25: LENOVO | F25: S20-00 | G25: MP05K1DY | H25: DIRECCIÓN DE SEGURIDAD PÚBLICA Y TRÁNSITO MUNICIPAL | I25: 42180 | J25: 10067.78 | K25: 36 | L25: =DATE(YEAR(I25),MONTH(I25),1) -> 42156 | M25: =EDATE(L25,K25)-1 -> 43251 | N25: =+J25/K25 -> 279.66056 | O25: =IF($S$3<L25,"N",IF($S$3>M25,"T",DATEDIF(L25,$S$3,"m"))) -> T | P25: =IF(ISNUMBER(O25),N25,0) -> 0 | Q25: =IF(O25="t",K25*N25,IF(ISNUMBER(O25),O25*N25,0)) -> 10067.78 | R25: =+Q25+P25 -> 10067.78 | S25: =+J25-R25 -> 0 | T25: =IF(Q25=0,J25-P25-R25,J25-Q25-P25-S25) -> 0
A26: 5230010001-027 | D26: CAMARA SONY NEGRO DSC-W800, 20.1 MEGAPIXELES | E26: SONY | F26: DSC-W800 | G26: 5865020 | H26: DIRECCIÓN DE SEGURIDAD PÚBLICA Y TRÁNSITO MUNICIPAL | I26: 42730 | J26: 3316.1 | K26: 36 | L26: =DATE(YEAR(I26),MONTH(I26),1) -> 42705 | M26: =EDATE(L26,K26)-1 -> 43799 | N26: =+J26/K26 -> 92.113889 | O26: =IF($S$3<L26,"N",IF($S$3>M26,"T",DATEDIF(L26,$S$3,"m"))) -> T | P26: =IF(ISNUMBER(O26),N26,0) -> 0 | Q26: =IF(O26="t",K26*N26,IF(ISNUMBER(O26),O26*N26,0)) -> 3316.1 | R26: =+Q26+P26 -> 3316.1 | S26: =+J26-R26 -> 0 | T26: =IF(Q26=0,J26-P26-R26,J26-Q26-P26-S26) -> 4.5474735e-13
A27: 5230010001-010 | D27: CAMARA SONY NEGRO DSC-W800, 20.1 MEGAPIXELES | E27: SONY | F27: DSC-W800 | G27: 5674508 | H27: DIRECCIÓN DE SEGURIDAD PÚBLICA Y TRÁNSITO MUNICIPAL | I27: 42521 | J27: 4350 | K27: 36 | L27: =DATE(YEAR(I27),MONTH(I27),1) -> 42491 | M27: =EDATE(L27,K27)-1 -> 43585 | N27: =+J27/K27 -> 120.83333 | O27: =IF($S$3<L27,"N",IF($S$3>M27,"T",DATEDIF(L27,$S$3,"m"))) -> T | P27: =IF(ISNUMBER(O27),N27,0) -> 0 | Q27: =IF(O27="t",K27*N27,IF(ISNUMBER(O27),O27*N27,0)) -> 4350 | R27: =+Q27+P27 -> 4350 | S27: =+J27-R27 -> 0 | T27: =IF(Q27=0,J27-P27-R27,J27-Q27-P27-S27) -> 0
A28: 5150010009-001 | D28: FUENTE DE ALIMENTACIÓN ASTRON DE 18 AMPERES, MODELO SS-18. | E28: ASTRON | F28: SS-18 | G28: 2017050085 | H28: DIRECCIÓN DE SEGURIDAD PÚBLICA Y TRÁNSITO MUNICIPAL | I28: 42946 | J28: 4605.28 | K28: 36 | L28: =DATE(YEAR(I28),MONTH(I28),1) -> 42917 | M28: =EDATE(L28,K28)-1 -> 44012 | N28: =+J28/K28 -> 127.92444 | O28: =IF($S$3<L28,"N",IF($S$3>M28,"T",DATEDIF(L28,$S$3,"m"))) -> T | P28: =IF(ISNUMBER(O28),N28,0) -> 0 | Q28: =IF(O28="t",K28*N28,IF(ISNUMBER(O28),O28*N28,0)) -> 4605.28 | R28: =+Q28+P28 -> 4605.28 | S28: =+J28-R28 -> 0 | T28: =IF(Q28=0,J28-P28-R28,J28-Q28-P28-S28) -> 0
A29: 5150010003-032 | D29: MULTIFUNCIONAL DE INYECCIÓN BROTHER DCP-T500W INKBENEFIT, IMPRESORA, COIPADORA Y ESCÁNER, SISTEMA DE TANQUE DE TINTA, USB, WI-FI. | E29: BROTHER | F29: DCP-T500W | G29: U64050K6H880079 | H29: DIRECCIÓN DE SEGURIDAD PÚBLICA Y TRÁNSITO MUNICIPAL | I29: 42946 | J29: 6505.63 | K29: 36 | L29: =DATE(YEAR(I29),MONTH(I29),1) -> 42917 | M29: =EDATE(L29,K29)-1 -> 44012 | N29: =+J29/K29 -> 180.71194 | O29: =IF($S$3<L29,"N",IF($S$3>M29,"T",DATEDIF(L29,$S$3,"m"))) -> T | P29: =IF(ISNUMBER(O29),N29,0) -> 0 | Q29: =IF(O29="t",K29*N29,IF(ISNUMBER(O29),O29*N29,0)) -> 6505.63 | R29: =+Q29+P29 -> 6505.63 | S29: =+J29-R29 -> 0 | T29: =IF(Q29=0,J29-P29-R29,J29-Q29-P29-S29) -> 0
A30: 5230010001-045 | D30: CÁMARA DOMO IP PTZ 2 MEGAPIXEL, 20X ZOOM, H-265+,POE+ DIA Y NOCHE ICR REAL, DWDR IP66, EXTERIOR, HLC, DEFOG, EIS. | E30: HIKVISION | F30: SM | G30: 183277735 | H30: DIRECCIÓN DE SEGURIDAD PÚBLICA Y TRÁNSITO MUNICIPAL | I30: 43308 | J30: 11500 | K30: 36 | L30: =DATE(YEAR(I30),MONTH(I30),1) -> 43282 | M30: =EDATE(L30,K30)-1 -> 44377 | N30: =+J30/K30 -> 319.44444 | O30: =IF($S$3<L30,"N",IF($S$3>M30,"T",DATEDIF(L30,$S$3,"m"))) -> T | P30: =IF(ISNUMBER(O30),N30,0) -> 0 | Q30: =IF(O30="t",K30*N30,IF(ISNUMBER(O30),O30*N30,0)) -> 11500 | R30: =+Q30+P30 -> 11500 | S30: =+J30-R30 -> 0 | T30: =IF(Q30=0,J30-P30-R30,J30-Q30-P30-S30) -> 0
A31: 5230010001-044 | D31: CÁMARA DOMO IP PTZ 2 MEGAPIXEL, 20X ZOOM, H-265+,POE+ DIA Y NOCHE ICR REAL, DWDR IP66, EXTERIOR, HLC, DEFOG, EIS. | E31: HIKVISION | F31: SM | G31: 172845786 | H31: DIRECCIÓN DE SEGURIDAD PÚBLICA Y TRÁNSITO MUNICIPAL | I31: 43305 | J31: 11500 | K31: 36 | L31: =DATE(YEAR(I31),MONTH(I31),1) -> 43282 | M31: =EDATE(L31,K31)-1 -> 44377 | N31: =+J31/K31 -> 319.44444 | O31: =IF($S$3<L31,"N",IF($S$3>M31,"T",DATEDIF(L31,$S$3,"m"))) -> T | P31: =IF(ISNUMBER(O31),N31,0) -> 0 | Q31: =IF(O31="t",K31*N31,IF(ISNUMBER(O31),O31*N31,0)) -> 11500 | R31: =+Q31+P31 -> 11500 | S31: =+J31-R31 -> 0 | T31: =IF(Q31=0,J31-P31-R31,J31-Q31-P31-S31) -> 0
A32: 5210010002-002 | D32: PROYECTOR CON RESOLUCIÓN DE 800 X 600, CONTRASTE 15,000:1 Y 3,300 ANSI-LUME. | E32: EPSON | F32: POWER LITE S39 | G32: X52M880556L | H32: DIRECCIÓN DE SEGURIDAD PÚBLICA Y TRÁNSITO MUNICIPAL | I32: 43565 | J32: 8799.99 | K32: 36 | L32: =DATE(YEAR(I32),MONTH(I32),1) -> 43556 | M32: =EDATE(L32,K32)-1 -> 44651 | N32: =+J32/K32 -> 244.44417 | O32: =IF($S$3<L32,"N",IF($S$3>M32,"T",DATEDIF(L32,$S$3,"m"))) -> T | P32: =IF(ISNUMBER(O32),N32,0) -> 0 | Q32: =IF(O32="t",K32*N32,IF(ISNUMBER(O32),O32*N32,0)) -> 8799.99 | R32: =+Q32+P32 -> 8799.99 | S32: =+J32-R32 -> 0 | T32: =IF(Q32=0,J32-P32-R32,J32-Q32-P32-S32) -> 0
A33: 5190010001-002 | D33: DESPACHADOR DE AGUA, COLOR BLANCO, ROYAL QUIALITY , DESIGN, MODELO RA-1300, | E33: ROYAL | F33: RA-1300 | G33: SN | H33: DIRECCIÓN DE SEGURIDAD PÚBLICA Y TRÁNSITO MUNICIPAL | I33: 42752 | J33: 3246.84 | K33: 120 | L33: =DATE(YEAR(I33),MONTH(I33),1) -> 42736 | M33: =EDATE(L33,K33)-1 -> 46387 | N33: =+J33/K33 -> 27.057 | O33: =IF($S$3<L33,"N",IF($S$3>M33,"T",DATEDIF(L33,$S$3,"m"))) -> T | P33: =IF(ISNUMBER(O33),N33,0) -> 0 | Q33: =IF(O33="t",K33*N33,IF(ISNUMBER(O33),O33*N33,0)) -> 3246.84 | R33: =+Q33+P33 -> 3246.84 | S33: =+J33-R33 -> 0 | T33: =IF(Q33=0,J33-P33-R33,J33-Q33-P33-S33) -> 0
A34: 5150010009-005 | D34: FUENTE DE ALIMENTACIÓN ASTRON DE 18 AMPERES, MODELO SS-18. | E34: ASTRON | F34: SS-18 | G34: 2017060298 | H34: DIRECCIÓN DE SEGURIDAD PÚBLICA Y TRÁNSITO MUNICIPAL | I34: 42989 | J34: 4605.28 | K34: 36 | L34: =DATE(YEAR(I34),MONTH(I34),1) -> 42979 | M34: =EDATE(L34,K34)-1 -> 44074 | N34: =+J34/K34 -> 127.92444 | O34: =IF($S$3<L34,"N",IF($S$3>M34,"T",DATEDIF(L34,$S$3,"m"))) -> T | P34: =IF(ISNUMBER(O34),N34,0) -> 0 | Q34: =IF(O34="t",K34*N34,IF(ISNUMBER(O34),O34*N34,0)) -> 4605.28 | R34: =+Q34+P34 -> 4605.28 | S34: =+J34-R34 -> 0 | T34: =IF(Q34=0,J34-P34-R34,J34-Q34-P34-S34) -> 0
A35: 5150010009-004 | D35: FUENTE DE ALIMENTACIÓN ASTRON DE 18 AMPERES, MODELO SS-18. | E35: ASTRON | F35: SS-18 | G35: 2017060292 | H35: DIRECCIÓN DE SEGURIDAD PÚBLICA Y TRÁNSITO MUNICIPAL | I35: 42989 | J35: 4605.28 | K35: 36 | L35: =DATE(YEAR(I35),MONTH(I35),1) -> 42979 | M35: =EDATE(L35,K35)-1 -> 44074 | N35: =+J35/K35 -> 127.92444 | O35: =IF($S$3<L35,"N",IF($S$3>M35,"T",DATEDIF(L35,$S$3,"m"))) -> T | P35: =IF(ISNUMBER(O35),N35,0) -> 0 | Q35: =IF(O35="t",K35*N35,IF(ISNUMBER(O35),O35*N35,0)) -> 4605.28 | R35: =+Q35+P35 -> 4605.28 | S35: =+J35-R35 -> 0 | T35: =IF(Q35=0,J35-P35-R35,J35-Q35-P35-S35) -> 0
A36: 5150010009-003 | D36: FUENTE DE ALIMENTACIÓN ASTRON DE 18 AMPERES, MODELO SS-18. | E36: ASTRON | F36: SS-18 | G36: 2017080074 | H36: DIRECCIÓN DE SEGURIDAD PÚBLICA Y TRÁNSITO MUNICIPAL | I36: 42948 | J36: 4605.28 | K36: 36 | L36: =DATE(YEAR(I36),MONTH(I36),1) -> 42948 | M36: =EDATE(L36,K36)-1 -> 44043 | N36: =+J36/K36 -> 127.92444 | O36: =IF($S$3<L36,"N",IF($S$3>M36,"T",DATEDIF(L36,$S$3,"m"))) -> T | P36: =IF(ISNUMBER(O36),N36,0) -> 0 | Q36: =IF(O36="t",K36*N36,IF(ISNUMBER(O36),O36*N36,0)) -> 4605.28 | R36: =+Q36+P36 -> 4605.28 | S36: =+J36-R36 -> 0 | T36: =IF(Q36=0,J36-P36-R36,J36-Q36-P36-S36) -> 0
A37: 5150010009-002 | D37: FUENTE DE ALIMENTACIÓN ASTRON DE 18 AMPERES, MODELO SS-18. | E37: ASTRON | F37: SS-18 | G37: 2017060272 | H37: DIRECCIÓN DE SEGURIDAD PÚBLICA Y TRÁNSITO MUNICIPAL | I37: 42946 | J37: 4605.28 | K37: 36 | L37: =DATE(YEAR(I37),MONTH(I37),1) -> 42917 | M37: =EDATE(L37,K37)-1 -> 44012 | N37: =+J37/K37 -> 127.92444 | O37: =IF($S$3<L37,"N",IF($S$3>M37,"T",DATEDIF(L37,$S$3,"m"))) -> T | P37: =IF(ISNUMBER(O37),N37,0) -> 0 | Q37: =IF(O37="t",K37*N37,IF(ISNUMBER(O37),O37*N37,0)) -> 4605.28 | R37: =+Q37+P37 -> 4605.28 | S37: =+J37-R37 -> 0 | T37: =IF(Q37=0,J37-P37-R37,J37-Q37-P37-S37) -> 0
A38: 5110010008-005 | D38: LOKER METALICO DE 4 PUERTAS, COLOR GRIS | E38: GEBESA | F38: SM | G38: SN | H38: DIRECCIÓN DE SEGURIDAD PÚBLICA Y TRÁNSITO MUNICIPAL | I38: 41940 | J38: 2662 | K38: 120 | L38: =DATE(YEAR(I38),MONTH(I38),1) -> 41913 | M38: =EDATE(L38,K38)-1 -> 45565 | N38: =+J38/K38 -> 22.183333 | O38: =IF($S$3<L38,"N",IF($S$3>M38,"T",DATEDIF(L38,$S$3,"m"))) -> T | P38: =IF(ISNUMBER(O38),N38,0) -> 0 | Q38: =IF(O38="t",K38*N38,IF(ISNUMBER(O38),O38*N38,0)) -> 2662 | R38: =+Q38+P38 -> 2662 | S38: =+J38-R38 -> 0 | T38: =IF(Q38=0,J38-P38-R38,J38-Q38-P38-S38) -> 0
A39: 5110010008-004 | D39: LOKER METALICO DE 4 PUERTAS, COLOR GRIS | E39: GEBESA | F39: SM | G39: SN | H39: DIRECCIÓN DE SEGURIDAD PÚBLICA Y TRÁNSITO MUNICIPAL | I39: 41940 | J39: 2662 | K39: 120 | L39: =DATE(YEAR(I39),MONTH(I39),1) -> 41913 | M39: =EDATE(L39,K39)-1 -> 45565 | N39: =+J39/K39 -> 22.183333 | O39: =IF($S$3<L39,"N",IF($S$3>M39,"T",DATEDIF(L39,$S$3,"m"))) -> T | P39: =IF(ISNUMBER(O39),N39,0) -> 0 | Q39: =IF(O39="t",K39*N39,IF(ISNUMBER(O39),O39*N39,0)) -> 2662 | R39: =+Q39+P39 -> 2662 | S39: =+J39-R39 -> 0 | T39: =IF(Q39=0,J39-P39-R39,J39-Q39-P39-S39) -> 0
A40: 5110010008-003 | D40: LOKER METALICO DE 4 PUERTAS, COLOR GRIS | E40: GEBESA | F40: SM | G40: SN | H40: DIRECCIÓN DE SEGURIDAD PÚBLICA Y TRÁNSITO MUNICIPAL | I40: 41940 | J40: 2662 | K40: 120 | L40: =DATE(YEAR(I40),MONTH(I40),1) -> 41913 | M40: =EDATE(L40,K40)-1 -> 45565 | N40: =+J40/K40 -> 22.183333 | O40: =IF($S$3<L40,"N",IF($S$3>M40,"T",DATEDIF(L40,$S$3,"m"))) -> T | P40: =IF(ISNUMBER(O40),N40,0) -> 0 | Q40: =IF(O40="t",K40*N40,IF(ISNUMBER(O40),O40*N40,0)) -> 2662 | R40: =+Q40+P40 -> 2662 | S40: =+J40-R40 -> 0 | T40: =IF(Q40=0,J40-P40-R40,J40-Q40-P40-S40) -> 0
A41: 5110010008-002 | D41: LOKER METALICO DE 4 PUERTAS, COLOR GRIS | E41: GEBESA | F41: SM | G41: SN | H41: DIRECCIÓN DE SEGURIDAD PÚBLICA Y TRÁNSITO MUNICIPAL | I41: 41940 | J41: 2662 | K41: 120 | L41: =DATE(YEAR(I41),MONTH(I41),1) -> 41913 | M41: =EDATE(L41,K41)-1 -> 45565 | N41: =+J41/K41 -> 22.183333 | O41: =IF($S$3<L41,"N",IF($S$3>M41,"T",DATEDIF(L41,$S$3,"m"))) -> T | P41: =IF(ISNUMBER(O41),N41,0) -> 0 | Q41: =IF(O41="t",K41*N41,IF(ISNUMBER(O41),O41*N41,0)) -> 2662 | R41: =+Q41+P41 -> 2662 | S41: =+J41-R41 -> 0 | T41: =IF(Q41=0,J41-P41-R41,J41-Q41-P41-S41) -> 0
A42: 5110010008-001 | D42: LOKER METALICO DE 4 PUERTAS, COLOR GRIS | E42: GEBESA | F42: SM | G42: SN | H42: DIRECCIÓN DE SEGURIDAD PÚBLICA Y TRÁNSITO MUNICIPAL | I42: 41940 | J42: 2662 | K42: 120 | L42: =DATE(YEAR(I42),MONTH(I42),1) -> 41913 | M42: =EDATE(L42,K42)-1 -> 45565 | N42: =+J42/K42 -> 22.183333 | O42: =IF($S$3<L42,"N",IF($S$3>M42,"T",DATEDIF(L42,$S$3,"m"))) -> T | P42: =IF(ISNUMBER(O42),N42,0) -> 0 | Q42: =IF(O42="t",K42*N42,IF(ISNUMBER(O42),O42*N42,0)) -> 2662 | R42: =+Q42+P42 -> 2662 | S42: =+J42-R42 -> 0 | T42: =IF(Q42=0,J42-P42-R42,J42-Q42-P42-S42) -> 0
A43: 5110010003-008 | D43: ARCHIVERO 4 GAVETAS, COLOR NEGRO, DE I.50 M DE ALTO, CON SEGURO | E43: SM | F43: SM | G43: SN | H43: DIRECCIÓN DE SEGURIDAD PÚBLICA Y TRÁNSITO MUNICIPAL | I43: 41309 | J43: 3230 | K43: 120 | L43: =DATE(YEAR(I43),MONTH(I43),1) -> 41306 | M43: =EDATE(L43,K43)-1 -> 44957 | N43: =+J43/K43 -> 26.916667 | O43: =IF($S$3<L43,"N",IF($S$3>M43,"T",DATEDIF(L43,$S$3,"m"))) -> T | P43: =IF(ISNUMBER(O43),N43,0) -> 0 | Q43: =IF(O43="t",K43*N43,IF(ISNUMBER(O43),O43*N43,0)) -> 3230 | R43: =+Q43+P43 -> 3230 | S43: =+J43-R43 -> 0 | T43: =IF(Q43=0,J43-P43-R43,J43-Q43-P43-S43) -> 0
A44: 5150010002-031 | D44: COMPUTADORA PERSONAL MULTIMEDIA, COMPAQ PRESARIO CQ1-140LA PC, COLOR NEGRO, PANTALLA LCD ANCHA HD 18,5", 16:9, PROCESADOR INTEL ATOM D525, MEMORIA INTERNA DE 2GB, DISCO DURO DE 500 GB, GRABADOR DE DVD, TARJETA GRAFICA INTEGRADA, INTEL GMA 3150, RED INALAMBRICA 802.11b/g/n, CAMARA WEP, TECLADO Y MOUSE OPTICO, LECTOR DE TARJETAS DE MEMORIA 6 EN 1, WINDOWS 7 STARTED ORIGINAL 32 BIT, OFFICE 2010, APROBADO POR ENERGY STAR | E44: COMPAC | F44: CQ1-1407LA | G44: 3CR2110VJC | H44: JUNTA MUNICIPAL PARA EL DESARROLLO INTEGRAL DE LA FAMILIA | I44: 41127 | J44: 5999.01 | K44: 36 | L44: =DATE(YEAR(I44),MONTH(I44),1) -> 41122 | M44: =EDATE(L44,K44)-1 -> 42216 | N44: =+J44/K44 -> 166.63917 | O44: =IF($S$3<L44,"N",IF($S$3>M44,"T",DATEDIF(L44,$S$3,"m"))) -> T | P44: =IF(ISNUMBER(O44),N44,0) -> 0 | Q44: =IF(O44="t",K44*N44,IF(ISNUMBER(O44),O44*N44,0)) -> 5999.01 | R44: =+Q44+P44 -> 5999.01 | S44: =+J44-R44 -> 0 | T44: =IF(Q44=0,J44-P44-R44,J44-Q44-P44-S44) -> 0
A45: 5150010002-028 | D45: COMPUTADORA PERSONAL MULTIMEDIA, COMPAQ PRESARIO CQ1-140LA PC, COLOR NEGRO, PANTALLA LCD ANCHA HD 18,5", 16:9, PROCESADOR INTEL ATOM D525, MEMORIA INTERNA DE 2GB, DISCO DURO DE 500 GB, GRABADOR DE DVD, TARJETA GRAFICA INTEGRADA, INTEL GMA 3150, RED INALAMBRICA 802.11b/g/n, CAMARA WEP, TECLADO Y MOUSE OPTICO, LECTOR DE TARJETAS DE MEMORIA 6 EN 1, WINDOWS 7 STARTED ORIGINAL 32 BIT, OFFICE 2010, APROBADO POR ENERGY STAR | E45: COMPAQ PRESARIO | F45: COMPAQ CQ-1407 LA | G45: 3CR2100HCK | H45: JUNTA MUNICIPAL PARA EL DESARROLLO INTEGRAL DE LA FAMILIA | I45: 41127 | J45: 5999.01 | K45: 36 | L45: =DATE(YEAR(I45),MONTH(I45),1) -> 41122 | M45: =EDATE(L45,K45)-1 -> 42216 | N45: =+J45/K45 -> 166.63917 | O45: =IF($S$3<L45,"N",IF($S$3>M45,"T",DATEDIF(L45,$S$3,"m"))) -> T | P45: =IF(ISNUMBER(O45),N45,0) -> 0 | Q45: =IF(O45="t",K45*N45,IF(ISNUMBER(O45),O45*N45,0)) -> 5999.01 | R45: =+Q45+P45 -> 5999.01 | S45: =+J45-R45 -> 0 | T45: =IF(Q45=0,J45-P45-R45,J45-Q45-P45-S45) -> 0
A46: 5150010001-025 | D46: LAPTOP DELL INSPIRON 14 COLOR NEGRO, MOD. 3000 SERIES, CAMARA WEB HD,PANTALLA TRUE LIFE. HD D14, 0" | E46: DELL | F46: INTEL CORE 5 | G46: D4BX2C2 | H46: JUNTA MUNICIPAL PARA EL DESARROLLO INTEGRAL DE LA FAMILIA | I46: 42915 | J46: 22332.19 | K46: 36 | L46: =DATE(YEAR(I46),MONTH(I46),1) -> 42887 | M46: =EDATE(L46,K46)-1 -> 43982 | N46: =+J46/K46 -> 620.33861 | O46: =IF($S$3<L46,"N",IF($S$3>M46,"T",DATEDIF(L46,$S$3,"m"))) -> T | P46: =IF(ISNUMBER(O46),N46,0) -> 0 | Q46: =IF(O46="t",K46*N46,IF(ISNUMBER(O46),O46*N46,0)) -> 22332.19 | R46: =+Q46+P46 -> 22332.19 | S46: =+J46-R46 -> 0 | T46: =IF(Q46=0,J46-P46-R46,J46-Q46-P46-S46) -> 0
A47: 5150010001-017 | D47: LAPTOP DELL INSPIRON 14-3459 PROCESADOR INTEL CORE I5 6200U MEMEORIA DE 4GB DDR3L, DISCO DURO DE 500 GB, PANTALLA DE 14 LED. | E47: DELL | F47: INSPIRON 14 | G47: 38BX262 | H47: JUNTA MUNICIPAL PARA EL DESARROLLO INTEGRAL DE LA FAMILIA | I47: 42915 | J47: 22332.19 | K47: 36 | L47: =DATE(YEAR(I47),MONTH(I47),1) -> 42887 | M47: =EDATE(L47,K47)-1 -> 43982 | N47: =+J47/K47 -> 620.33861 | O47: =IF($S$3<L47,"N",IF($S$3>M47,"T",DATEDIF(L47,$S$3,"m"))) -> T | P47: =IF(ISNUMBER(O47),N47,0) -> 0 | Q47: =IF(O47="t",K47*N47,IF(ISNUMBER(O47),O47*N47,0)) -> 22332.19 | R47: =+Q47+P47 -> 22332.19 | S47: =+J47-R47 -> 0 | T47: =IF(Q47=0,J47-P47-R47,J47-Q47-P47-S47) -> 0
A48: 5150010001-016 | D48: LAPTOP DELL INSPIRON 14 COLOR NEGRO, MOD. 3000 SERIES, CAMARA WEB HD,PANTALLA TRUE LIFE. HD D14, 0" | E48: DELL | F48: INTEL CORE 5 | G48: 6THJ0C2 | H48: JUNTA MUNICIPAL PARA EL DESARROLLO INTEGRAL DE LA FAMILIA | I48: 42915 | J48: 22332.19 | K48: 36 | L48: =DATE(YEAR(I48),MONTH(I48),1) -> 42887 | M48: =EDATE(L48,K48)-1 -> 43982 | N48: =+J48/K48 -> 620.33861 | O48: =IF($S$3<L48,"N",IF($S$3>M48,"T",DATEDIF(L48,$S$3,"m"))) -> T | P48: =IF(ISNUMBER(O48),N48,0) -> 0 | Q48: =IF(O48="t",K48*N48,IF(ISNUMBER(O48),O48*N48,0)) -> 22332.19 | R48: =+Q48+P48 -> 22332.19 | S48: =+J48-R48 -> 0 | T48: =IF(Q48=0,J48-P48-R48,J48-Q48-P48-S48) -> 0
A49: 5150010001-050 | D49: LAPTOP DELL INSPIRON 14, PROCESADOR INTEL CORE I5 7200U (HASTA 3.10 GHz), MEMORIA RAM DE 8GB DDR4, DISCO DURO DE 1TB, PANTALLA DE 14" LED, VIDEO HD GRAPHICS 620, UNIDAD ÓPTICA DVD+R/RW, SISTEMA OPERATIVO WINDOWS 10 HOME (64 BITS) | E49: DELL | F49: INSPIRON 14 3467 | G49: GR9L0P2 | H49: JUNTA MUNICIPAL PARA EL DESARROLLO INTEGRAL DE LA FAMILIA | I49: 43658 | J49: 19980 | K49: 36 | L49: =DATE(YEAR(I49),MONTH(I49),1) -> 43647 | M49: =EDATE(L49,K49)-1 -> 44742 | N49: =+J49/K49 -> 555 | O49: =IF($S$3<L49,"N",IF($S$3>M49,"T",DATEDIF(L49,$S$3,"m"))) -> T | P49: =IF(ISNUMBER(O49),N49,0) -> 0 | Q49: =IF(O49="t",K49*N49,IF(ISNUMBER(O49),O49*N49,0)) -> 19980 | R49: =+Q49+P49 -> 19980 | S49: =+J49-R49 -> 0 | T49: =IF(Q49=0,J49-P49-R49,J49-Q49-P49-S49) -> 0
A50: 5150010002-011 | D50: COMPUTADORA HP ELITE ONE 800 G1 AIO BUSSINES PC; OS WIN 8 PRO. | E50: HP | F50: ELITE800 | G50: MXL4131P8X | H50: JUNTA MUNICIPAL PARA EL DESARROLLO INTEGRAL DE LA FAMILIA | I50: 41772 | J50: 24109.44 | K50: 36 | L50: =DATE(YEAR(I50),MONTH(I50),1) -> 41760 | M50: =EDATE(L50,K50)-1 -> 42855 | N50: =+J50/K50 -> 669.70667 | O50: =IF($S$3<L50,"N",IF($S$3>M50,"T",DATEDIF(L50,$S$3,"m"))) -> T | P50: =IF(ISNUMBER(O50),N50,0) -> 0 | Q50: =IF(O50="t",K50*N50,IF(ISNUMBER(O50),O50*N50,0)) -> 24109.44 | R50: =+Q50+P50 -> 24109.44 | S50: =+J50-R50 -> 0 | T50: =IF(Q50=0,J50-P50-R50,J50-Q50-P50-S50) -> 0
A51: 5150010002-025 | D51: ALL IN ONE HP ONE MODELO 1155 4 GB 500 GB, DVDRW 18.5" | E51: HP | F51: 1155 | G51: 5CM3190BRX | H51: JUNTA MUNICIPAL PARA EL DESARROLLO INTEGRAL DE LA FAMILIA | I51: 41810 | J51: 12494.36 | K51: 36 | L51: =DATE(YEAR(I51),MONTH(I51),1) -> 41791 | M51: =EDATE(L51,K51)-1 -> 42886 | N51: =+J51/K51 -> 347.06556 | O51: =IF($S$3<L51,"N",IF($S$3>M51,"T",DATEDIF(L51,$S$3,"m"))) -> T | P51: =IF(ISNUMBER(O51),N51,0) -> 0 | Q51: =IF(O51="t",K51*N51,IF(ISNUMBER(O51),O51*N51,0)) -> 12494.36 | R51: =+Q51+P51 -> 12494.36 | S51: =+J51-R51 -> 0 | T51: =IF(Q51=0,J51-P51-R51,J51-Q51-P51-S51) -> 0
A52: 5150010001-046 | D52: LAPTOP HP 240 G6: PROCESADOR INTEL CELERON N 3060, MEMORIA DE 4 GB DDR3L, DISCO DURO DE 500 GB, PANTALLA DE 14" LED, VIDEO HD GRAPHICS, S.O WINDOWS 10 HOME, 64 BITS. | E52: HP | F52: 240 G6 | G52: 5CD8182YNM | H52: JUNTA MUNICIPAL PARA EL DESARROLLO INTEGRAL DE LA FAMILIA | I52: 43319 | J52: 8500 | K52: 36 | L52: =DATE(YEAR(I52),MONTH(I52),1) -> 43313 | M52: =EDATE(L52,K52)-1 -> 44408 | N52: =+J52/K52 -> 236.11111 | O52: =IF($S$3<L52,"N",IF($S$3>M52,"T",DATEDIF(L52,$S$3,"m"))) -> T | P52: =IF(ISNUMBER(O52),N52,0) -> 0 | Q52: =IF(O52="t",K52*N52,IF(ISNUMBER(O52),O52*N52,0)) -> 8500 | R52: =+Q52+P52 -> 8500 | S52: =+J52-R52 -> 0 | T52: =IF(Q52=0,J52-P52-R52,J52-Q52-P52-S52) -> 0
A53: 5150010001-047 | D53: LAPTOP HP 240 G6: PROCESADOR INTEL CELERON N 3060, MEMORIA DE 4 GB DDR3L, DISCO DURO DE 500 GB, PANTALLA DE 14" LED, VIDEO HD GRAPHICS, S.O WINDOWS 10 HOME, 64 BITS. | E53: HP | F53: 240 G6 | G53: 5CD8182YT8 | H53: JUNTA MUNICIPAL PARA EL DESARROLLO INTEGRAL DE LA FAMILIA | I53: 43335 | J53: 8700 | K53: 36 | L53: =DATE(YEAR(I53),MONTH(I53),1) -> 43313 | M53: =EDATE(L53,K53)-1 -> 44408 | N53: =+J53/K53 -> 241.66667 | O53: =IF($S$3<L53,"N",IF($S$3>M53,"T",DATEDIF(L53,$S$3,"m"))) -> T | P53: =IF(ISNUMBER(O53),N53,0) -> 0 | Q53: =IF(O53="t",K53*N53,IF(ISNUMBER(O53),O53*N53,0)) -> 8700 | R53: =+Q53+P53 -> 8700 | S53: =+J53-R53 -> 0 | T53: =IF(Q53=0,J53-P53-R53,J53-Q53-P53-S53) -> 0
A54: 5150010002-039 | D54: LENOVO AIO C260, CPU I J1800, RAM 4GB, HDD 1T, DVDRW WINDOWS 8.1 SL, PANTALLA DE 19.52" LED, PROCESADOR INTEL INSIDE | E54: LENOVO | F54: C260 | G54: CS02422937 | H54: JUNTA MUNICIPAL PARA EL DESARROLLO INTEGRAL DE LA FAMILIA | I54: 42607 | J54: 11484 | K54: 36 | L54: =DATE(YEAR(I54),MONTH(I54),1) -> 42583 | M54: =EDATE(L54,K54)-1 -> 43677 | N54: =+J54/K54 -> 319 | O54: =IF($S$3<L54,"N",IF($S$3>M54,"T",DATEDIF(L54,$S$3,"m"))) -> T | P54: =IF(ISNUMBER(O54),N54,0) -> 0 | Q54: =IF(O54="t",K54*N54,IF(ISNUMBER(O54),O54*N54,0)) -> 11484 | R54: =+Q54+P54 -> 11484 | S54: =+J54-R54 -> 0 | T54: =IF(Q54=0,J54-P54-R54,J54-Q54-P54-S54) -> 0
A55: 5230010001-020 | D55: CAMARA DIGITAL W800 SONY CYBER-SHOT, 20.1 MEGAPIXELES. | E55: SONY | F55: DSC- W800 | G55: 5865018 | H55: JUNTA MUNICIPAL PARA EL DESARROLLO INTEGRAL DE LA FAMILIA | I55: 42730 | J55: 3316.09 | K55: 36 | L55: =DATE(YEAR(I55),MONTH(I55),1) -> 42705 | M55: =EDATE(L55,K55)-1 -> 43799 | N55: =+J55/K55 -> 92.113611 | O55: =IF($S$3<L55,"N",IF($S$3>M55,"T",DATEDIF(L55,$S$3,"m"))) -> T | P55: =IF(ISNUMBER(O55),N55,0) -> 0 | Q55: =IF(O55="t",K55*N55,IF(ISNUMBER(O55),O55*N55,0)) -> 3316.09 | R55: =+Q55+P55 -> 3316.09 | S55: =+J55-R55 -> 0 | T55: =IF(Q55=0,J55-P55-R55,J55-Q55-P55-S55) -> 0
A56: 5110010003-010 | D56: ARCHIVERO PROFESIONAL METALICO DE 4 GAVETAS NEGRO, CAJONES CON CORREDERAS EXTENDIBLES, SISTEMA DE SEGURIDAD ANTI-VUELCO, CHAPA DE SEGURIDAD | E56: TAM-MEX | F56: 47102 | G56: S/N | H56: JUNTA MUNICIPAL PARA EL DESARROLLO INTEGRAL DE LA FAMILIA | I56: 41121 | J56: 3499 | K56: 120 | L56: =DATE(YEAR(I56),MONTH(I56),1) -> 41091 | M56: =EDATE(L56,K56)-1 -> 44742 | N56: =+J56/K56 -> 29.158333 | O56: =IF($S$3<L56,"N",IF($S$3>M56,"T",DATEDIF(L56,$S$3,"m"))) -> T | P56: =IF(ISNUMBER(O56),N56,0) -> 0 | Q56: =IF(O56="t",K56*N56,IF(ISNUMBER(O56),O56*N56,0)) -> 3499 | R56: =+Q56+P56 -> 3499 | S56: =+J56-R56 -> 0 | T56: =IF(Q56=0,J56-P56-R56,J56-Q56-P56-S56) -> 0
A57: 5110010001-023 | D57: ESCRITORIO DE ASERRIN COMPRIMIDO COLOR CAFÉ CON ESTRUCTURA METALICA COLOR GRIS 1.53M DE LARGO*0.75M DE ANCHO*0.75M DE ALTO, CON DOS CAJONES DE LADO DERECHO. | E57: N/A | F57: N/A | G57: N/A | H57: JUNTA MUNICIPAL PARA EL DESARROLLO INTEGRAL DE LA FAMILIA | I57: 39071 | J57: 2650 | K57: 120 | L57: =DATE(YEAR(I57),MONTH(I57),1) -> 39052 | M57: =EDATE(L57,K57)-1 -> 42704 | N57: =+J57/K57 -> 22.083333 | O57: =IF($S$3<L57,"N",IF($S$3>M57,"T",DATEDIF(L57,$S$3,"m"))) -> T | P57: =IF(ISNUMBER(O57),N57,0) -> 0 | Q57: =IF(O57="t",K57*N57,IF(ISNUMBER(O57),O57*N57,0)) -> 2650 | R57: =+Q57+P57 -> 2650 | S57: =+J57-R57 -> 0 | T57: =IF(Q57=0,J57-P57-R57,J57-Q57-P57-S57) -> 0
A58: 5420010001-003 | D58: CARROCERIA PARA AMBULANCIA DE TERAPIA INTENSIVA TIPO II; CON ESTRUCTURA JAULA TIPO ROLL-BAR DE ARCO SERCHADO DE UNA SOLA PIEZA. | E58: SM | F58: SM | G58: SN | H58: JUNTA MUNICIPAL PARA EL DESARROLLO INTEGRAL DE LA FAMILIA | I58: 43591 | J58: 370000 | K58: 60 | L58: =DATE(YEAR(I58),MONTH(I58),1) -> 43586 | M58: =EDATE(L58,K58)-1 -> 45412 | N58: =+J58/K58 -> 6166.6667 | O58: =IF($S$3<L58,"N",IF($S$3>M58,"T",DATEDIF(L58,$S$3,"m"))) -> T | P58: =IF(ISNUMBER(O58),N58,0) -> 0 | Q58: =IF(O58="t",K58*N58,IF(ISNUMBER(O58),O58*N58,0)) -> 370000 | R58: =+Q58+P58 -> 370000 | S58: =+J58-R58 -> 0 | T58: =IF(Q58=0,J58-P58-R58,J58-Q58-P58-S58) -> 0
A59: 5110010001-021 | D59: ESCRITORIO METROPOLITAN, CON DOS CAJONES MODELO 4225 | E59: RAMPE | F59: 4225 | G59: S/N | H59: JUNTA MUNICIPAL PARA EL DESARROLLO INTEGRAL DE LA FAMILIA | I59: 41121 | J59: 2699 | K59: 120 | L59: =DATE(YEAR(I59),MONTH(I59),1) -> 41091 | M59: =EDATE(L59,K59)-1 -> 44742 | N59: =+J59/K59 -> 22.491667 | O59: =IF($S$3<L59,"N",IF($S$3>M59,"T",DATEDIF(L59,$S$3,"m"))) -> T | P59: =IF(ISNUMBER(O59),N59,0) -> 0 | Q59: =IF(O59="t",K59*N59,IF(ISNUMBER(O59),O59*N59,0)) -> 2699 | R59: =+Q59+P59 -> 2699 | S59: =+J59-R59 -> 0 | T59: =IF(Q59=0,J59-P59-R59,J59-Q59-P59-S59) -> 0
A60: 5230010001-005 | D60: CAMARA CANON POWERSHOT A2500 BLACK 16MP LCD 2.7 | E60: CANON | F60: A 2500 | G60: P1963 | H60: JUNTA MUNICIPAL PARA EL DESARROLLO INTEGRAL DE LA FAMILIA | I60: 41921 | J60: 2417.23 | K60: 36 | L60: =DATE(YEAR(I60),MONTH(I60),1) -> 41913 | M60: =EDATE(L60,K60)-1 -> 43008 | N60: =+J60/K60 -> 67.145278 | O60: =IF($S$3<L60,"N",IF($S$3>M60,"T",DATEDIF(L60,$S$3,"m"))) -> T | P60: =IF(ISNUMBER(O60),N60,0) -> 0 | Q60: =IF(O60="t",K60*N60,IF(ISNUMBER(O60),O60*N60,0)) -> 2417.23 | R60: =+Q60+P60 -> 2417.23 | S60: =+J60-R60 -> 0 | T60: =IF(Q60=0,J60-P60-R60,J60-Q60-P60-S60) -> 0
A61: 5420010001-001 | D61: CARROCERIA PARA CAMIONETA FORD 3.5 TONS COLOR BLANCA | E61: CARROCERIA | F61: SM | G61: SN | H61: JUNTA MUNICIPAL PARA EL DESARROLLO INTEGRAL DE LA FAMILIA | I61: 42696 | J61: 23000 | K61: 60 | L61: =DATE(YEAR(I61),MONTH(I61),1) -> 42675 | M61: =EDATE(L61,K61)-1 -> 44500 | N61: =+J61/K61 -> 383.33333 | O61: =IF($S$3<L61,"N",IF($S$3>M61,"T",DATEDIF(L61,$S$3,"m"))) -> T | P61: =IF(ISNUMBER(O61),N61,0) -> 0 | Q61: =IF(O61="t",K61*N61,IF(ISNUMBER(O61),O61*N61,0)) -> 23000 | R61: =+Q61+P61 -> 23000 | S61: =+J61-R61 -> 0 | T61: =IF(Q61=0,J61-P61-R61,J61-Q61-P61-S61) -> 0
A62: 5110010001-018 | D62: ESCRITORIO METALICO DE 1.80 M | E62: N/A | F62: N/A | G62: S/N | H62: JUNTA MUNICIPAL PARA EL DESARROLLO INTEGRAL DE LA FAMILIA | I62: 41485 | J62: 4352 | K62: 120 | L62: =DATE(YEAR(I62),MONTH(I62),1) -> 41456 | M62: =EDATE(L62,K62)-1 -> 45107 | N62: =+J62/K62 -> 36.266667 | O62: =IF($S$3<L62,"N",IF($S$3>M62,"T",DATEDIF(L62,$S$3,"m"))) -> T | P62: =IF(ISNUMBER(O62),N62,0) -> 0 | Q62: =IF(O62="t",K62*N62,IF(ISNUMBER(O62),O62*N62,0)) -> 4352 | R62: =+Q62+P62 -> 4352 | S62: =+J62-R62 -> 0 | T62: =IF(Q62=0,J62-P62-R62,J62-Q62-P62-S62) -> 0
A63: 5230010001-024 | D63: CAMARA DIGITAL W800 SONY CYBER SHOT, 20.1 MEGAPIXELES, 3.6 V | E63: SONY | F63: DSC-W800 | G63: 5865021 | H63: JUNTA MUNICIPAL PARA EL DESARROLLO INTEGRAL DE LA FAMILIA | I63: 42730 | J63: 3316.09 | K63: 36 | L63: =DATE(YEAR(I63),MONTH(I63),1) -> 42705 | M63: =EDATE(L63,K63)-1 -> 43799 | N63: =+J63/K63 -> 92.113611 | O63: =IF($S$3<L63,"N",IF($S$3>M63,"T",DATEDIF(L63,$S$3,"m"))) -> T | P63: =IF(ISNUMBER(O63),N63,0) -> 0 | Q63: =IF(O63="t",K63*N63,IF(ISNUMBER(O63),O63*N63,0)) -> 3316.09 | R63: =+Q63+P63 -> 3316.09 | S63: =+J63-R63 -> 0 | T63: =IF(Q63=0,J63-P63-R63,J63-Q63-P63-S63) -> 0
A64: 5110010001-020 | D64: ESCRITORIO CHERRY TRADICIONAL, LAMINADO ACABADO EN COLOR CEREZA, ESTANTE DE TECLADO, TRES ARCHIVEROS CON CORREDERAS DE EXTENSION COMPLETA, DOS ARCHIEVEROS CON CERRADURA DE LLAVE, DOS CAJONES PEQUEÑOS CON CORRIMIENTOS DE METAL Y TOPES DE SEGURIDAD, INCRUSTACION DE PANEL SUPERIOR DE MELAMINO NEGRO RESISTENTE AL CALOR MANCHAS Y RAYAS | E64: SAUDER | F64: 2328 | G64: S/N | H64: JUNTA MUNICIPAL PARA EL DESARROLLO INTEGRAL DE LA FAMILIA | I64: 41159 | J64: 6599 | K64: 120 | L64: =DATE(YEAR(I64),MONTH(I64),1) -> 41153 | M64: =EDATE(L64,K64)-1 -> 44804 | N64: =+J64/K64 -> 54.991667 | O64: =IF($S$3<L64,"N",IF($S$3>M64,"T",DATEDIF(L64,$S$3,"m"))) -> T | P64: =IF(ISNUMBER(O64),N64,0) -> 0 | Q64: =IF(O64="t",K64*N64,IF(ISNUMBER(O64),O64*N64,0)) -> 6599 | R64: =+Q64+P64 -> 6599 | S64: =+J64-R64 -> 0 | T64: =IF(Q64=0,J64-P64-R64,J64-Q64-P64-S64) -> 0
A65: 5150010002-003 | D65: COMPUTADORA PERSONAL MULTIMEDIA, COMPAQ PRESARIO CQ1-140LA PC, COLOR NEGRO, PANTALLA LCD ANCHA HD 18,5", 16:9, PROCESADOR INTEL ATOM D525, MEMORIA INTERNA DE 2GB, DISCO DURO DE 500 GB, GRABADOR DE DVD, TARJETA GRAFICA INTEGRADA, INTEL GMA 3150, RED INALAMBRICA 802.11b/g/n, CAMARA WEP, TECLADO Y MOUSE OPTICO, LECTOR DE TARJETAS DE MEMORIA 6 EN 1, WINDOWS 7 STARTED ORIGINAL 32 BIT, OFFICE 2010, APROBADO POR ENERGY STAR | E65: COMPAC | F65: COMPAQ PRESARIO CQ1-140LA PC | G65: 3CR21108RT | H65: OFICIALÍA MAYOR | I65: 41127 | J65: 5999.01 | K65: 36 | L65: =DATE(YEAR(I65),MONTH(I65),1) -> 41122 | M65: =EDATE(L65,K65)-1 -> 42216 | N65: =+J65/K65 -> 166.63917 | O65: =IF($S$3<L65,"N",IF($S$3>M65,"T",DATEDIF(L65,$S$3,"m"))) -> T | P65: =IF(ISNUMBER(O65),N65,0) -> 0 | Q65: =IF(O65="t",K65*N65,IF(ISNUMBER(O65),O65*N65,0)) -> 5999.01 | R65: =+Q65+P65 -> 5999.01 | S65: =+J65-R65 -> 0 | T65: =IF(Q65=0,J65-P65-R65,J65-Q65-P65-S65) -> 0
A66: 5150010002-018 | D66: COMPUTADORA PERSONAL MULTIMEDIA, COMPAQ PRESARIO CQ1-140LA PC, COLOR NEGRO, PANTALLA LCD ANCHA HD 18,5", 16:9, PROCESADOR INTEL ATOM D525, MEMORIA INTERNA DE 2GB, DISCO DURO DE 500 GB, GRABADOR DE DVD, TARJETA GRAFICA INTEGRADA, INTEL GMA 3150, RED INALAMBRICA 802.11b/g/n, CAMARA WEP, TECLADO Y MOUSE OPTICO, LECTOR DE TARJETAS DE MEMORIA 6 EN 1, WINDOWS 7 STARTED ORIGINAL 32 BIT, OFFICE 2010, APROBADO POR ENERGY STAR | E66: COMPAC | F66: CQ1-1407LA | G66: 3CR2100HG8 | H66: OFICIALÍA MAYOR | I66: 41127 | J66: 5999.02 | K66: 36 | L66: =DATE(YEAR(I66),MONTH(I66),1) -> 41122 | M66: =EDATE(L66,K66)-1 -> 42216 | N66: =+J66/K66 -> 166.63944 | O66: =IF($S$3<L66,"N",IF($S$3>M66,"T",DATEDIF(L66,$S$3,"m"))) -> T | P66: =IF(ISNUMBER(O66),N66,0) -> 0 | Q66: =IF(O66="t",K66*N66,IF(ISNUMBER(O66),O66*N66,0)) -> 5999.02 | R66: =+Q66+P66 -> 5999.02 | S66: =+J66-R66 -> 0 | T66: =IF(Q66=0,J66-P66-R66,J66-Q66-P66-S66) -> 0
A67: 5150010002-042 | D67: ALL IN ONE DELL OPTIPLEX 3050, PROCESADOR INTEL CORE I5 7400T (HASTA 3.0 GHz), MEMORIA RAM DE 8GB DDR4, DISCO DURO DE 1TB, PANTALLA DE 19.5" LED, VIDEO HD GRAPHICS 630, SISTEMA OPERATIVO WINDOWS 10 PRO (64 BITS). | E67: DELL | F67: OPTIPLEX 3050 | G67: DWFN3W2 | H67: JUEZ CONCILIADOR | I67: 43704 | J67: 23950 | K67: 36 | L67: =DATE(YEAR(I67),MONTH(I67),1) -> 43678 | M67: =EDATE(L67,K67)-1 -> 44773 | N67: =+J67/K67 -> 665.27778 | O67: =IF($S$3<L67,"N",IF($S$3>M67,"T",DATEDIF(L67,$S$3,"m"))) -> T | P67: =IF(ISNUMBER(O67),N67,0) -> 0 | Q67: =IF(O67="t",K67*N67,IF(ISNUMBER(O67),O67*N67,0)) -> 23950 | R67: =+Q67+P67 -> 23950 | S67: =+J67-R67 -> 0 | T67: =IF(Q67=0,J67-P67-R67,J67-Q67-P67-S67) -> 0
A68: 5150010001-039 | D68: LAPTOP DELL INSPIRON 15, PROCESADOR INTEL CORE I5-72000, 7TA GENERACIÓN; SISTEMA OPERATIVO WINDOWS 10 MEMORIA 8GB DDR4 2400 MHZ, GRÁFICOS DE VIDEO; INTEL HP GRAPHICS 620; DISCO DURO DE 1TB 5400 RPM SATA, UNIDAD MULTIMEDIA. | E68: DELL | F68: INSPIRON 15 | G68: 45FBNJ2 | H68: OFICIALÍA MAYOR | I68: 43046 | J68: 27840 | K68: 36 | L68: =DATE(YEAR(I68),MONTH(I68),1) -> 43040 | M68: =EDATE(L68,K68)-1 -> 44135 | N68: =+J68/K68 -> 773.33333 | O68: =IF($S$3<L68,"N",IF($S$3>M68,"T",DATEDIF(L68,$S$3,"m"))) -> T | P68: =IF(ISNUMBER(O68),N68,0) -> 0 | Q68: =IF(O68="t",K68*N68,IF(ISNUMBER(O68),O68*N68,0)) -> 27840 | R68: =+Q68+P68 -> 27840 | S68: =+J68-R68 -> 0 | T68: =IF(Q68=0,J68-P68-R68,J68-Q68-P68-S68) -> 0
A69: 5150010001-019 | D69: DELL NB INSPIRON 14 3458 CI5-6200 4G | E69: DELL | F69: INSPIRON 14 3458 | G69: 35BX2C2 | H69: OFICIALÍA MAYOR | I69: 42806 | J69: 22332.19 | K69: 36 | L69: =DATE(YEAR(I69),MONTH(I69),1) -> 42795 | M69: =EDATE(L69,K69)-1 -> 43890 | N69: =+J69/K69 -> 620.33861 | O69: =IF($S$3<L69,"N",IF($S$3>M69,"T",DATEDIF(L69,$S$3,"m"))) -> T | P69: =IF(ISNUMBER(O69),N69,0) -> 0 | Q69: =IF(O69="t",K69*N69,IF(ISNUMBER(O69),O69*N69,0)) -> 22332.19 | R69: =+Q69+P69 -> 22332.19 | S69: =+J69-R69 -> 0 | T69: =IF(Q69=0,J69-P69-R69,J69-Q69-P69-S69) -> 0
A70: 5150010001-035 | D70: LAPTOP HP NOTEBOOK 240, PROCESADOR INTEL CORE I5 - 6200U CPU 2.30 GHZ 2.4 GHZ, RAM 8.0 GB; OS 64 BITS, WINDOMS 10. | E70: HP | F70: 240 G5 | G70: 5CG6320T03 | H70: OFICIALÍA MAYOR | I70: 42912 | J70: 18935.27 | K70: 36 | L70: =DATE(YEAR(I70),MONTH(I70),1) -> 42887 | M70: =EDATE(L70,K70)-1 -> 43982 | N70: =+J70/K70 -> 525.97972 | O70: =IF($S$3<L70,"N",IF($S$3>M70,"T",DATEDIF(L70,$S$3,"m"))) -> T | P70: =IF(ISNUMBER(O70),N70,0) -> 0 | Q70: =IF(O70="t",K70*N70,IF(ISNUMBER(O70),O70*N70,0)) -> 18935.27 | R70: =+Q70+P70 -> 18935.27 | S70: =+J70-R70 -> 0 | T70: =IF(Q70=0,J70-P70-R70,J70-Q70-P70-S70) -> 0
A71: 5150010002-008 | D71: ALL IN ONE HP ONE 205G1 E1-2500 4 GB 500 GB, DVDRW 18.5 FREDOS 1-1-1 | E71: HP | F71: 205 G1 AIO | G71: 4CE4020M63 | H71: OFICIALÍA MAYOR | I71: 41932 | J71: 12501.97 | K71: 36 | L71: =DATE(YEAR(I71),MONTH(I71),1) -> 41913 | M71: =EDATE(L71,K71)-1 -> 43008 | N71: =+J71/K71 -> 347.27694 | O71: =IF($S$3<L71,"N",IF($S$3>M71,"T",DATEDIF(L71,$S$3,"m"))) -> T | P71: =IF(ISNUMBER(O71),N71,0) -> 0 | Q71: =IF(O71="t",K71*N71,IF(ISNUMBER(O71),O71*N71,0)) -> 12501.97 | R71: =+Q71+P71 -> 12501.97 | S71: =+J71-R71 -> 0 | T71: =IF(Q71=0,J71-P71-R71,J71-Q71-P71-S71) -> 0
A72: 5150010002-016 | D72: ALL IN ONE HP 205 G1 AIO-2500 4 GB 500 GB, DVDRW 18.5 FREDOS 1-1-1 | E72: HP | F72: 205 G1 ALL IN ONE | G72: 4CE34800SX | H72: OFICIALÍA MAYOR | I72: 41772 | J72: 12494.36 | K72: 36 | L72: =DATE(YEAR(I72),MONTH(I72),1) -> 41760 | M72: =EDATE(L72,K72)-1 -> 42855 | N72: =+J72/K72 -> 347.06556 | O72: =IF($S$3<L72,"N",IF($S$3>M72,"T",DATEDIF(L72,$S$3,"m"))) -> T | P72: =IF(ISNUMBER(O72),N72,0) -> 0 | Q72: =IF(O72="t",K72*N72,IF(ISNUMBER(O72),O72*N72,0)) -> 12494.36 | R72: =+Q72+P72 -> 12494.36 | S72: =+J72-R72 -> 0 | T72: =IF(Q72=0,J72-P72-R72,J72-Q72-P72-S72) -> 0
A73: 5230010001-028 | D73: CAMARA DIGITAL A PRUEBA DE AGUA, CON GPS INTEGRADO, 12.1 MP, PANTALLA LCD 3.0" MODELO VQA072UA, ZOOM DIGITAL 4X, SENSOR DE IMAGEN CMOS, VIDEO 4K UHD, CONECTIVIDAD BLUETOOTH, WIFI, PANTALLA DE 3 PULG.; RESOLUCIÓN DE VIDEO 4K UHD, MEMORIA INTERNA APROX. 473 MB. | E73: NIKON | F73: COOLPIX W300 N16D3 | G73: 32001925 | H73: OFICIALÍA MAYOR | I73: 42996 | J73: 14307.45 | K73: 36 | L73: =DATE(YEAR(I73),MONTH(I73),1) -> 42979 | M73: =EDATE(L73,K73)-1 -> 44074 | N73: =+J73/K73 -> 397.42917 | O73: =IF($S$3<L73,"N",IF($S$3>M73,"T",DATEDIF(L73,$S$3,"m"))) -> T | P73: =IF(ISNUMBER(O73),N73,0) -> 0 | Q73: =IF(O73="t",K73*N73,IF(ISNUMBER(O73),O73*N73,0)) -> 14307.45 | R73: =+Q73+P73 -> 14307.45 | S73: =+J73-R73 -> 0 | T73: =IF(Q73=0,J73-P73-R73,J73-Q73-P73-S73) -> 0
A74: 5230010001-037 | D74: CAMARA DIGITAL A PRUEBA DE AGUA, CON GPS INTEGRADO, 12.1 MP, PANTALLA LCD 3.0" MODELO VQA072UA, ZOOM DIGITAL 4X, SENSOR DE IMAGEN CMOS, VIDEO 4K UHD, CONECTIVIDAD BLUETOOTH, WIFI, PANTALLA DE 3 PULG.; RESOLUCIÓN DE VIDEO 4K UHD, MEMORIA INTERNA APROX. 473 MB. | E74: NIKON | F74: COOLPIX W300 N16D3 | G74: 30001589 | H74: OFICIALÍA MAYOR | I74: 42996 | J74: 14307.45 | K74: 36 | L74: =DATE(YEAR(I74),MONTH(I74),1) -> 42979 | M74: =EDATE(L74,K74)-1 -> 44074 | N74: =+J74/K74 -> 397.42917 | O74: =IF($S$3<L74,"N",IF($S$3>M74,"T",DATEDIF(L74,$S$3,"m"))) -> T | P74: =IF(ISNUMBER(O74),N74,0) -> 0 | Q74: =IF(O74="t",K74*N74,IF(ISNUMBER(O74),O74*N74,0)) -> 14307.45 | R74: =+Q74+P74 -> 14307.45 | S74: =+J74-R74 -> 0 | T74: =IF(Q74=0,J74-P74-R74,J74-Q74-P74-S74) -> 0
A75: 5230010001-030 | D75: CAMARA DIGITAL A PRUEBA DE AGUA, CON GPS INTEGRADO, 12.1 MP, PANTALLA LCD 3.0" MODELO VQA072UA, ZOOM DIGITAL 4X, SENSOR DE IMAGEN CMOS, VIDEO 4K UHD, CONECTIVIDAD BLUETOOTH, WIFI, PANTALLA DE 3 PULG.; RESOLUCIÓN DE VIDEO 4K UHD, MEMORIA INTERNA APROX. 473 MB. | E75: NIKON | F75: COOLPIX W300 N16D3 | G75: 30001587 | H75: OFICIALÍA MAYOR | I75: 42996 | J75: 14307.45 | K75: 36 | L75: =DATE(YEAR(I75),MONTH(I75),1) -> 42979 | M75: =EDATE(L75,K75)-1 -> 44074 | N75: =+J75/K75 -> 397.42917 | O75: =IF($S$3<L75,"N",IF($S$3>M75,"T",DATEDIF(L75,$S$3,"m"))) -> T | P75: =IF(ISNUMBER(O75),N75,0) -> 0 | Q75: =IF(O75="t",K75*N75,IF(ISNUMBER(O75),O75*N75,0)) -> 14307.45 | R75: =+Q75+P75 -> 14307.45 | S75: =+J75-R75 -> 0 | T75: =IF(Q75=0,J75-P75-R75,J75-Q75-P75-S75) -> 0
A76: 5150010005-006 | D76: DISCO DURO ADATA EXTERNAL HDD 1TB | E76: ADATA | F76: HD710-1T | G76: 1G4820004783 | H76: OFICIALÍA MAYOR | I76: 42870 | J76: 3237.5 | K76: 36 | L76: =DATE(YEAR(I76),MONTH(I76),1) -> 42856 | M76: =EDATE(L76,K76)-1 -> 43951 | N76: =+J76/K76 -> 89.930556 | O76: =IF($S$3<L76,"N",IF($S$3>M76,"T",DATEDIF(L76,$S$3,"m"))) -> T | P76: =IF(ISNUMBER(O76),N76,0) -> 0 | Q76: =IF(O76="t",K76*N76,IF(ISNUMBER(O76),O76*N76,0)) -> 3237.5 | R76: =+Q76+P76 -> 3237.5 | S76: =+J76-R76 -> 0 | T76: =IF(Q76=0,J76-P76-R76,J76-Q76-P76-S76) -> 0
A77: 5230010001-021 | D77: CAMARA DIGITAL W800 SONY, 20.1 MEGAPIXELES. | E77: SONY | F77: DSC-W800 | G77: 5865016 | H77: OFICIALÍA MAYOR | I77: 42730 | J77: 3316.09 | K77: 36 | L77: =DATE(YEAR(I77),MONTH(I77),1) -> 42705 | M77: =EDATE(L77,K77)-1 -> 43799 | N77: =+J77/K77 -> 92.113611 | O77: =IF($S$3<L77,"N",IF($S$3>M77,"T",DATEDIF(L77,$S$3,"m"))) -> T | P77: =IF(ISNUMBER(O77),N77,0) -> 0 | Q77: =IF(O77="t",K77*N77,IF(ISNUMBER(O77),O77*N77,0)) -> 3316.09 | R77: =+Q77+P77 -> 3316.09 | S77: =+J77-R77 -> 0 | T77: =IF(Q77=0,J77-P77-R77,J77-Q77-P77-S77) -> 0
A78: 5230010001-019 | D78: CAMARA DIGITAL W800 SONY CYBER-SHOT, 20.1 MEGAPIXELES. | E78: SONY | F78: DSC-W800 | G78: 5865017 | H78: OFICIALÍA MAYOR | I78: 42730 | J78: 3316.09 | K78: 36 | L78: =DATE(YEAR(I78),MONTH(I78),1) -> 42705 | M78: =EDATE(L78,K78)-1 -> 43799 | N78: =+J78/K78 -> 92.113611 | O78: =IF($S$3<L78,"N",IF($S$3>M78,"T",DATEDIF(L78,$S$3,"m"))) -> T | P78: =IF(ISNUMBER(O78),N78,0) -> 0 | Q78: =IF(O78="t",K78*N78,IF(ISNUMBER(O78),O78*N78,0)) -> 3316.09 | R78: =+Q78+P78 -> 3316.09 | S78: =+J78-R78 -> 0 | T78: =IF(Q78=0,J78-P78-R78,J78-Q78-P78-S78) -> 0
A79: 5110010001-017 | D79: ESCRITORIO METROPOLITAN, CON DOS CAJONES MODELO 4225 | E79: RAMPE | F79: 4225 | G79: S/N | H79: OFICIALÍA MAYOR | I79: 41121 | J79: 2699 | K79: 120 | L79: =DATE(YEAR(I79),MONTH(I79),1) -> 41091 | M79: =EDATE(L79,K79)-1 -> 44742 | N79: =+J79/K79 -> 22.491667 | O79: =IF($S$3<L79,"N",IF($S$3>M79,"T",DATEDIF(L79,$S$3,"m"))) -> T | P79: =IF(ISNUMBER(O79),N79,0) -> 0 | Q79: =IF(O79="t",K79*N79,IF(ISNUMBER(O79),O79*N79,0)) -> 2699 | R79: =+Q79+P79 -> 2699 | S79: =+J79-R79 -> 0 | T79: =IF(Q79=0,J79-P79-R79,J79-Q79-P79-S79) -> 0
A80: 5110010001-011 | D80: ESCRITORIO MELAMINA 1 20X60X75 CM 2 CAJONES LADO IZQUIERDO | E80: N/A | F80: N/A | G80: N/A | H80: OFICIALÍA MAYOR | I80: 41941 | J80: 2435.42 | K80: 120 | L80: =DATE(YEAR(I80),MONTH(I80),1) -> 41913 | M80: =EDATE(L80,K80)-1 -> 45565 | N80: =+J80/K80 -> 20.295167 | O80: =IF($S$3<L80,"N",IF($S$3>M80,"T",DATEDIF(L80,$S$3,"m"))) -> T | P80: =IF(ISNUMBER(O80),N80,0) -> 0 | Q80: =IF(O80="t",K80*N80,IF(ISNUMBER(O80),O80*N80,0)) -> 2435.42 | R80: =+Q80+P80 -> 2435.42 | S80: =+J80-R80 -> 0 | T80: =IF(Q80=0,J80-P80-R80,J80-Q80-P80-S80) -> 0
A81: 5150010003-048 | D81: MULTIFUNCIONAL DE INYECCIÓN, EPSON ECOTANK L575, IMPRESORA, COPIADORA, ESCÁNER Y FAX, SISTEMA DE TANQUES DE TINTA, WIFI, ETHERNET,USB. | E81: EPSON | F81: L575 | G81: W98Y274323 | H81: OFICIALÍA MAYOR | I81: 43504 | J81: 6326 | K81: 36 | L81: =DATE(YEAR(I81),MONTH(I81),1) -> 43497 | M81: =EDATE(L81,K81)-1 -> 44592 | N81: =+J81/K81 -> 175.72222 | O81: =IF($S$3<L81,"N",IF($S$3>M81,"T",DATEDIF(L81,$S$3,"m"))) -> T | P81: =IF(ISNUMBER(O81),N81,0) -> 0 | Q81: =IF(O81="t",K81*N81,IF(ISNUMBER(O81),O81*N81,0)) -> 6326 | R81: =+Q81+P81 -> 6326 | S81: =+J81-R81 -> 0 | T81: =IF(Q81=0,J81-P81-R81,J81-Q81-P81-S81) -> 0
A82: 5230010001-034 | D82: CAMARA DIGITAL A PRUEBA DE AGUA, CON GPS INTEGRADO, 12.1 MP, PANTALLA LCD 3.0" MODELO VQA072UA, ZOOM DIGITAL 4X, SENSOR DE IMAGEN CMOS, VIDEO 4K UHD, CONECTIVIDAD BLUETOOTH, WIFI, PANTALLA DE 3 PULG.; RESOLUCIÓN DE VIDEO 4K UHD, MEMORIA INTERNA APROX. 473 MB. | E82: NIKON | F82: COOLPIX W300 N16D3 | G82: 32001830 | H82: OFICIALÍA MAYOR | I82: 42996 | J82: 14307.45 | K82: 36 | L82: =DATE(YEAR(I82),MONTH(I82),1) -> 42979 | M82: =EDATE(L82,K82)-1 -> 44074 | N82: =+J82/K82 -> 397.42917 | O82: =IF($S$3<L82,"N",IF($S$3>M82,"T",DATEDIF(L82,$S$3,"m"))) -> T | P82: =IF(ISNUMBER(O82),N82,0) -> 0 | Q82: =IF(O82="t",K82*N82,IF(ISNUMBER(O82),O82*N82,0)) -> 14307.45 | R82: =+Q82+P82 -> 14307.45 | S82: =+J82-R82 -> 0 | T82: =IF(Q82=0,J82-P82-R82,J82-Q82-P82-S82) -> 0
A83: 5230010001-042 | D83: CAMARA DIGITAL A PRUEBA DE AGUA, CON GPS INTEGRADO, 12.1 MP, PANTALLA LCD 3.0" MODELO VQA072UA, ZOOM DIGITAL 4X, SENSOR DE IMAGEN CMOS, VIDEO 4K UHD, CONECTIVIDAD BLUETOOTH, WIFI, PANTALLA DE 3 PULG.; RESOLUCIÓN DE VIDEO 4K UHD, MEMORIA INTERNA APROX. 473 MB. | E83: NIKON | F83: COOLPIX W300 N16D3 | G83: 30000535 | H83: OFICIALÍA MAYOR | I83: 42996 | J83: 14307.45 | K83: 36 | L83: =DATE(YEAR(I83),MONTH(I83),1) -> 42979 | M83: =EDATE(L83,K83)-1 -> 44074 | N83: =+J83/K83 -> 397.42917 | O83: =IF($S$3<L83,"N",IF($S$3>M83,"T",DATEDIF(L83,$S$3,"m"))) -> T | P83: =IF(ISNUMBER(O83),N83,0) -> 0 | Q83: =IF(O83="t",K83*N83,IF(ISNUMBER(O83),O83*N83,0)) -> 14307.45 | R83: =+Q83+P83 -> 14307.45 | S83: =+J83-R83 -> 0 | T83: =IF(Q83=0,J83-P83-R83,J83-Q83-P83-S83) -> 0
A84: 5230010001-040 | D84: CAMARA DIGITAL A PRUEBA DE AGUA, CON GPS INTEGRADO, 12.1 MP, PANTALLA LCD 3.0" MODELO VQA072UA, ZOOM DIGITAL 4X, SENSOR DE IMAGEN CMOS, VIDEO 4K UHD, CONECTIVIDAD BLUETOOTH, WIFI, PANTALLA DE 3 PULG.; RESOLUCIÓN DE VIDEO 4K UHD, MEMORIA INTERNA APROX. 473 MB. | E84: NIKON | F84: COOLPIX W300 N16D3 | G84: 31002276 | H84: OFICIALÍA MAYOR | I84: 42996 | J84: 14307.45 | K84: 36 | L84: =DATE(YEAR(I84),MONTH(I84),1) -> 42979 | M84: =EDATE(L84,K84)-1 -> 44074 | N84: =+J84/K84 -> 397.42917 | O84: =IF($S$3<L84,"N",IF($S$3>M84,"T",DATEDIF(L84,$S$3,"m"))) -> T | P84: =IF(ISNUMBER(O84),N84,0) -> 0 | Q84: =IF(O84="t",K84*N84,IF(ISNUMBER(O84),O84*N84,0)) -> 14307.45 | R84: =+Q84+P84 -> 14307.45 | S84: =+J84-R84 -> 0 | T84: =IF(Q84=0,J84-P84-R84,J84-Q84-P84-S84) -> 0
A85: 5230010001-004 | D85: CAMARA FOTOGRAFICA CANON POWERSHOT SX400IS | E85: CANON | F85: SX400 IS | G85: 882061017487 | H85: OFICIALÍA MAYOR | I85: 42138 | J85: 5278 | K85: 36 | L85: =DATE(YEAR(I85),MONTH(I85),1) -> 42125 | M85: =EDATE(L85,K85)-1 -> 43220 | N85: =+J85/K85 -> 146.61111 | O85: =IF($S$3<L85,"N",IF($S$3>M85,"T",DATEDIF(L85,$S$3,"m"))) -> T | P85: =IF(ISNUMBER(O85),N85,0) -> 0 | Q85: =IF(O85="t",K85*N85,IF(ISNUMBER(O85),O85*N85,0)) -> 5278 | R85: =+Q85+P85 -> 5278 | S85: =+J85-R85 -> 0 | T85: =IF(Q85=0,J85-P85-R85,J85-Q85-P85-S85) -> 0
A86: 5110010003-003 | D86: ARCHIVERO PROFESIONAL METALICO DE 3 GAVETAS NEGRO, CAJONES CON CORREDERAS EXTENDIBLES, CHAPA DE SEGURIDAD | E86: SM | F86: SM | G86: SN | H86: OFICIALÍA MAYOR | I86: 42053 | J86: 3770 | K86: 120 | L86: =DATE(YEAR(I86),MONTH(I86),1) -> 42036 | M86: =EDATE(L86,K86)-1 -> 45688 | N86: =+J86/K86 -> 31.416667 | O86: =IF($S$3<L86,"N",IF($S$3>M86,"T",DATEDIF(L86,$S$3,"m"))) -> T | P86: =IF(ISNUMBER(O86),N86,0) -> 0 | Q86: =IF(O86="t",K86*N86,IF(ISNUMBER(O86),O86*N86,0)) -> 3770 | R86: =+Q86+P86 -> 3770 | S86: =+J86-R86 -> 0 | T86: =IF(Q86=0,J86-P86-R86,J86-Q86-P86-S86) -> 0
A87: 5110010001-024 | D87: ESCRITORIO SECRETARIAL: FABRICADO EN LAMINA DE PLASTICO 28 mm DE ESPESOR. CON UN CAJON PAPELERO Y UNA GAVETA DE ARCHIVO CON UN SISTEMA DE CARPETAS COLGANTES Y CERRADURA GENERAL. MEDIDAS 1.20 X 0.60 X .75 mts. COLOR CAOBA. MODELO LPE-120. LINEA DECOR. MARCA TOP SEATED | E87: SM | F87: SM | G87: SN | H87: OFICIALÍA MAYOR | I87: 41940 | J87: 3762 | K87: 120 | L87: =DATE(YEAR(I87),MONTH(I87),1) -> 41913 | M87: =EDATE(L87,K87)-1 -> 45565 | N87: =+J87/K87 -> 31.35 | O87: =IF($S$3<L87,"N",IF($S$3>M87,"T",DATEDIF(L87,$S$3,"m"))) -> T | P87: =IF(ISNUMBER(O87),N87,0) -> 0 | Q87: =IF(O87="t",K87*N87,IF(ISNUMBER(O87),O87*N87,0)) -> 3762 | R87: =+Q87+P87 -> 3762 | S87: =+J87-R87 -> 0 | T87: =IF(Q87=0,J87-P87-R87,J87-Q87-P87-S87) -> 0
A88: 5110010001-014 | D88: ESCRITORIO METALICO DE 1.50 M | E88: SM | F88: SM | G88: SN | H88: OFICIALÍA MAYOR | I88: 41309 | J88: 2650 | K88: 120 | L88: =DATE(YEAR(I88),MONTH(I88),1) -> 41306 | M88: =EDATE(L88,K88)-1 -> 44957 | N88: =+J88/K88 -> 22.083333 | O88: =IF($S$3<L88,"N",IF($S$3>M88,"T",DATEDIF(L88,$S$3,"m"))) -> T | P88: =IF(ISNUMBER(O88),N88,0) -> 0 | Q88: =IF(O88="t",K88*N88,IF(ISNUMBER(O88),O88*N88,0)) -> 2650 | R88: =+Q88+P88 -> 2650 | S88: =+J88-R88 -> 0 | T88: =IF(Q88=0,J88-P88-R88,J88-Q88-P88-S88) -> 0
A89: 5420010001-002 | D89: CARROCERIA REFORZADA PARA CAMIONETA NISSAN ESTACAS | E89: SM | F89: SM | G89: SN | H89: OFICIALÍA MAYOR | I89: 43311 | J89: 19500 | K89: 60 | L89: =DATE(YEAR(I89),MONTH(I89),1) -> 43282 | M89: =EDATE(L89,K89)-1 -> 45107 | N89: =+J89/K89 -> 325 | O89: =IF($S$3<L89,"N",IF($S$3>M89,"T",DATEDIF(L89,$S$3,"m"))) -> T | P89: =IF(ISNUMBER(O89),N89,0) -> 0 | Q89: =IF(O89="t",K89*N89,IF(ISNUMBER(O89),O89*N89,0)) -> 19500 | R89: =+Q89+P89 -> 19500 | S89: =+J89-R89 -> 0 | T89: =IF(Q89=0,J89-P89-R89,J89-Q89-P89-S89) -> 0
A90: 5150010001-043 | D90: LAPTOP DELL INSPIRON 15, PANTALLA DE 15.6 ", PROCESADOR INTEL CORE I7-75000, SISTEMA OPERATIVO WINDOWS 10 MEMORIA 8GB DDR4 2400 MHZ, GRÁFICOS DE VIDEO; INTEL HP GRAPHICS 620; DISCO DURO DE 1TB. | E90: DELL | F90: INSPIRON 15 | G90: DJPDJ22 | H90: PRESIDENCIA MUNICIPAL 2020-2024 | I90: 43046 | J90: 27840 | K90: 36 | L90: =DATE(YEAR(I90),MONTH(I90),1) -> 43040 | M90: =EDATE(L90,K90)-1 -> 44135 | N90: =+J90/K90 -> 773.33333 | O90: =IF($S$3<L90,"N",IF($S$3>M90,"T",DATEDIF(L90,$S$3,"m"))) -> T | P90: =IF(ISNUMBER(O90),N90,0) -> 0 | Q90: =IF(O90="t",K90*N90,IF(ISNUMBER(O90),O90*N90,0)) -> 27840 | R90: =+Q90+P90 -> 27840 | S90: =+J90-R90 -> 0 | T90: =IF(Q90=0,J90-P90-R90,J90-Q90-P90-S90) -> 0
A91: 5110010004-001 | D91: MESA DE TRABAJO COLOR NEGRO CON SOPORTE METALICO COLOR NEGRO 3.50M DE LARGO*1.20M DE ANCHO*0.74M DE ALTO, | E91: SM | F91: SM | G91: SN | H91: PRESIDENCIA MUNICIPAL 2020-2024 | I91: 39071 | J91: 3440 | K91: 120 | L91: =DATE(YEAR(I91),MONTH(I91),1) -> 39052 | M91: =EDATE(L91,K91)-1 -> 42704 | N91: =+J91/K91 -> 28.666667 | O91: =IF($S$3<L91,"N",IF($S$3>M91,"T",DATEDIF(L91,$S$3,"m"))) -> T | P91: =IF(ISNUMBER(O91),N91,0) -> 0 | Q91: =IF(O91="t",K91*N91,IF(ISNUMBER(O91),O91*N91,0)) -> 3440 | R91: =+Q91+P91 -> 3440 | S91: =+J91-R91 -> 0 | T91: =IF(Q91=0,J91-P91-R91,J91-Q91-P91-S91) -> 0
A92: 5110010001-001 | D92: ESCRITORIO CHERRY TRADICIONAL, LAMINADO ACABADO EN COLOR CEREZA, ESTANTE DE TECLADO, TRES ARCHIVEROS CON CORREDERAS DE EXTENSION COMPLETA, DOS ARCHIVEROS CON CERRADURA DE LLAVE, DOS CAJONES PEQUEÑOS CON CORRIMIENTOS DE METAL Y TOPES DE SEGURIDAD, INCRUSTACION DE PANEL SUPERIOR DE MELAMINO NEGRO RESISTENTE AL CALOR MANCHAS Y RAYAS | E92: SAUDER | F92: 2328 | G92: S/N | H92: PRESIDENCIA MUNICIPAL 2020-2024 | I92: 41121 | J92: 6599 | K92: 120 | L92: =DATE(YEAR(I92),MONTH(I92),1) -> 41091 | M92: =EDATE(L92,K92)-1 -> 44742 | N92: =+J92/K92 -> 54.991667 | O92: =IF($S$3<L92,"N",IF($S$3>M92,"T",DATEDIF(L92,$S$3,"m"))) -> T | P92: =IF(ISNUMBER(O92),N92,0) -> 0 | Q92: =IF(O92="t",K92*N92,IF(ISNUMBER(O92),O92*N92,0)) -> 6599 | R92: =+Q92+P92 -> 6599 | S92: =+J92-R92 -> 0 | T92: =IF(Q92=0,J92-P92-R92,J92-Q92-P92-S92) -> 0
A93: 5150010003-003 | D93: IMPRESORA MULTIFUNCIONAL EPSON L210, A COLOR, 50-60 HZ. | E93: EPSON | F93: L210 | G93: S25K600539 | H93: PRESIDENCIA MUNICIPAL 2020-2024 | I93: 42084 | J93: 4048.4 | K93: 36 | L93: =DATE(YEAR(I93),MONTH(I93),1) -> 42064 | M93: =EDATE(L93,K93)-1 -> 43159 | N93: =+J93/K93 -> 112.45556 | O93: =IF($S$3<L93,"N",IF($S$3>M93,"T",DATEDIF(L93,$S$3,"m"))) -> T | P93: =IF(ISNUMBER(O93),N93,0) -> 0 | Q93: =IF(O93="t",K93*N93,IF(ISNUMBER(O93),O93*N93,0)) -> 4048.4 | R93: =+Q93+P93 -> 4048.4 | S93: =+J93-R93 -> 0 | T93: =IF(Q93=0,J93-P93-R93,J93-Q93-P93-S93) -> 0
A94: 5110010005-013 | D94: SILLA GERENTE PIEL IMITACIÓN | E94: SM | F94: SM | G94: SN | H94: PRESIDENCIA MUNICIPAL 2020-2024 | I94: 42891 | J94: 3000 | K94: 120 | L94: =DATE(YEAR(I94),MONTH(I94),1) -> 42887 | M94: =EDATE(L94,K94)-1 -> 46538 | N94: =+J94/K94 -> 25 | O94: =IF($S$3<L94,"N",IF($S$3>M94,"T",DATEDIF(L94,$S$3,"m"))) -> T | P94: =IF(ISNUMBER(O94),N94,0) -> 0 | Q94: =IF(O94="t",K94*N94,IF(ISNUMBER(O94),O94*N94,0)) -> 3000 | R94: =+Q94+P94 -> 3000 | S94: =+J94-R94 -> 0 | T94: =IF(Q94=0,J94-P94-R94,J94-Q94-P94-S94) -> 0
A95: 5210010004-001 | D95: PANTALLA LED 55" LG SMART FHD 55LJ5400/5, CON SOPORTE MOV 10-70 | E95: LG | F95: FHD 55LJ5400/5 | G95: 804RMQK4Q044 | H95: PRESIDENCIA MUNICIPAL 2020-2024 | I95: 43272 | J95: 14999 | K95: 36 | L95: =DATE(YEAR(I95),MONTH(I95),1) -> 43252 | M95: =EDATE(L95,K95)-1 -> 44347 | N95: =+J95/K95 -> 416.63889 | O95: =IF($S$3<L95,"N",IF($S$3>M95,"T",DATEDIF(L95,$S$3,"m"))) -> T | P95: =IF(ISNUMBER(O95),N95,0) -> 0 | Q95: =IF(O95="t",K95*N95,IF(ISNUMBER(O95),O95*N95,0)) -> 14999 | R95: =+Q95+P95 -> 14999 | S95: =+J95-R95 -> 0 | T95: =IF(Q95=0,J95-P95-R95,J95-Q95-P95-S95) -> 0
A96: 5150010002-029 | D96: COMPUTADORA PERSONAL MULTIMEDIA, COMPAQ PRESARIO CQ1-140LA PC, COLOR NEGRO, PANTALLA LCD ANCHA HD 18,5", 16:9, PROCESADOR INTEL ATOM D525, MEMORIA INTERNA DE 2GB, DISCO DURO DE 500 GB, GRABADOR DE DVD, TARJETA GRAFICA INTEGRADA, INTEL GMA 3150, RED INALAMBRICA 802.11b/g/n, CAMARA WEP, TECLADO Y MOUSE OPTICO, LECTOR DE TARJETAS DE MEMORIA 6 EN 1, WINDOWS 7 STARTED ORIGINAL 32 BIT, OFFICE 2010, APROBADO POR ENERGY STAR | E96: COMPAC | F96: CQ1-1407LA | G96: 3CR20802N8 | H96: SECRETARÍA DE DESARROLLO SOCIAL Y ECONÓMICO | I96: 41127 | J96: 5999.01 | K96: 36 | L96: =DATE(YEAR(I96),MONTH(I96),1) -> 41122 | M96: =EDATE(L96,K96)-1 -> 42216 | N96: =+J96/K96 -> 166.63917 | O96: =IF($S$3<L96,"N",IF($S$3>M96,"T",DATEDIF(L96,$S$3,"m"))) -> T | P96: =IF(ISNUMBER(O96),N96,0) -> 0 | Q96: =IF(O96="t",K96*N96,IF(ISNUMBER(O96),O96*N96,0)) -> 5999.01 | R96: =+Q96+P96 -> 5999.01 | S96: =+J96-R96 -> 0 | T96: =IF(Q96=0,J96-P96-R96,J96-Q96-P96-S96) -> 0
A97: 5150010002-010 | D97: COMPUTADORA PERSONAL MULTIMEDIA, COMPAQ PRESARIO CQ1-140LA PC, COLOR NEGRO, PANTALLA LCD ANCHA HD 18,5", 16:9, PROCESADOR INTEL ATOM D525, MEMORIA INTERNA DE 2GB, DISCO DURO DE 500 GB, GRABADOR DE DVD, TARJETA GRAFICA INTEGRADA, INTEL GMA 3150, RED INALAMBRICA 802.11b/g/n, CAMARA WEP, TECLADO Y MOUSE OPTICO, LECTOR DE TARJETAS DE MEMORIA 6 EN 1, WINDOWS 7 STARTED ORIGINAL 32 BIT, OFFICE 2010, APROBADO POR ENERGY STAR | E97: COMPAQ | F97: CQ1-1407LA | G97: 3CR20802Q8 | H97: SECRETARÍA DE DESARROLLO SOCIAL Y ECONÓMICO | I97: 41127 | J97: 5999.02 | K97: 36 | L97: =DATE(YEAR(I97),MONTH(I97),1) -> 41122 | M97: =EDATE(L97,K97)-1 -> 42216 | N97: =+J97/K97 -> 166.63944 | O97: =IF($S$3<L97,"N",IF($S$3>M97,"T",DATEDIF(L97,$S$3,"m"))) -> T | P97: =IF(ISNUMBER(O97),N97,0) -> 0 | Q97: =IF(O97="t",K97*N97,IF(ISNUMBER(O97),O97*N97,0)) -> 5999.02 | R97: =+Q97+P97 -> 5999.02 | S97: =+J97-R97 -> 0 | T97: =IF(Q97=0,J97-P97-R97,J97-Q97-P97-S97) -> 0
A98: 5150010001-029 | D98: LAPTOP DELL LATITUDE E3470: PROCESADOR INTEL CORE I5 6200U, MEMORIA DE 4GB DDR3L, DISCO DURO 1TB, PANTALLA DE 14 LED, VIDEO INTEL HD GRAPHICS 520, UNIDAD ÓPTICA NO INCLUIDA, S.O. WINDOWS 10 PRO 64 BITS. | E98: DELL | F98: LATITUDE E3470 | G98: HSJPWB2 | H98: SECRETARÍA DE DESARROLLO SOCIAL Y ECONÓMICO | I98: 42923 | J98: 23569.33 | K98: 36 | L98: =DATE(YEAR(I98),MONTH(I98),1) -> 42917 | M98: =EDATE(L98,K98)-1 -> 44012 | N98: =+J98/K98 -> 654.70361 | O98: =IF($S$3<L98,"N",IF($S$3>M98,"T",DATEDIF(L98,$S$3,"m"))) -> T | P98: =IF(ISNUMBER(O98),N98,0) -> 0 | Q98: =IF(O98="t",K98*N98,IF(ISNUMBER(O98),O98*N98,0)) -> 23569.33 | R98: =+Q98+P98 -> 23569.33 | S98: =+J98-R98 -> 0 | T98: =IF(Q98=0,J98-P98-R98,J98-Q98-P98-S98) -> 0
A99: 5150010001-009 | D99: COMPUTADORA HP PAVILLON G4-2205, NOTEBOOK PC, DOLBY ADVANCED, AUDIO, TECNOLOGIA BLUETOOTH, PROCESADOR VISION AMD A6. | E99: HP | F99: PAVILION G4 | G99: S/N | H99: SECRETARÍA DE DESARROLLO SOCIAL Y ECONÓMICO | I99: 41397 | J99: 8999 | K99: 36 | L99: =DATE(YEAR(I99),MONTH(I99),1) -> 41395 | M99: =EDATE(L99,K99)-1 -> 42490 | N99: =+J99/K99 -> 249.97222 | O99: =IF($S$3<L99,"N",IF($S$3>M99,"T",DATEDIF(L99,$S$3,"m"))) -> T | P99: =IF(ISNUMBER(O99),N99,0) -> 0 | Q99: =IF(O99="t",K99*N99,IF(ISNUMBER(O99),O99*N99,0)) -> 8999 | R99: =+Q99+P99 -> 8999 | S99: =+J99-R99 -> 0 | T99: =IF(Q99=0,J99-P99-R99,J99-Q99-P99-S99) -> 0
A100: 5150010002-009 | D100: ALL IN ONE HP ONE 205G1 E1-2500 4 GB 500 GB, DVDRW 18.5 FREDOS 1-1-1, W 8. | E100: HP | F100: 205 G1 | G100: 4CE348019D | H100: SECRETARÍA DE DESARROLLO SOCIAL Y ECONÓMICO | I100: 41772 | J100: 12494.36 | K100: 36 | L100: =DATE(YEAR(I100),MONTH(I100),1) -> 41760 | M100: =EDATE(L100,K100)-1 -> 42855 | N100: =+J100/K100 -> 347.06556 | O100: =IF($S$3<L100,"N",IF($S$3>M100,"T",DATEDIF(L100,$S$3,"m"))) -> T | P100: =IF(ISNUMBER(O100),N100,0) -> 0 | Q100: =IF(O100="t",K100*N100,IF(ISNUMBER(O100),O100*N100,0)) -> 12494.36 | R100: =+Q100+P100 -> 12494.36 | S100: =+J100-R100 -> 0 | T100: =IF(Q100=0,J100-P100-R100,J100-Q100-P100-S100) -> 0
A101: 5150010001-049 | D101: LAPTOP HP 240 G6: PROCESADOR INTEL CELERON N 3060, MEMORIA DE 4 GB DDR3L, DISCO DURO DE 500 GB, PANTALLA DE 14" LED, VIDEO HD GRAPHICS, S.O WINDOWS 10 HOME, 64 BITS. | E101: HP | F101: 240 G6 | G101: 5CD8184PNV | H101: SECRETARÍA DE DESARROLLO SOCIAL Y ECONÓMICO | I101: 43641 | J101: 8900 | K101: 36 | L101: =DATE(YEAR(I101),MONTH(I101),1) -> 43617 | M101: =EDATE(L101,K101)-1 -> 44712 | N101: =+J101/K101 -> 247.22222 | O101: =IF($S$3<L101,"N",IF($S$3>M101,"T",DATEDIF(L101,$S$3,"m"))) -> T | P101: =IF(ISNUMBER(O101),N101,0) -> 0 | Q101: =IF(O101="t",K101*N101,IF(ISNUMBER(O101),O101*N101,0)) -> 8900 | R101: =+Q101+P101 -> 8900 | S101: =+J101-R101 -> 0 | T101: =IF(Q101=0,J101-P101-R101,J101-Q101-P101-S101) -> 0
A102: 5150010002-002 | D102: LENOVO AIO C260, RAM 4G, CPUIJ1800, W 8.1, PANTALLA DE 19.5", 3.5A, 20V, PROCESADOR INTEL INSIDE. | E102: LENOVO | F102: C 260 | G102: CS02386740 | H102: SECRETARÍA DE DESARROLLO SOCIAL Y ECONÓMICO | I102: 42084 | J102: 11588.4 | K102: 36 | L102: =DATE(YEAR(I102),MONTH(I102),1) -> 42064 | M102: =EDATE(L102,K102)-1 -> 43159 | N102: =+J102/K102 -> 321.9 | O102: =IF($S$3<L102,"N",IF($S$3>M102,"T",DATEDIF(L102,$S$3,"m"))) -> T | P102: =IF(ISNUMBER(O102),N102,0) -> 0 | Q102: =IF(O102="t",K102*N102,IF(ISNUMBER(O102),O102*N102,0)) -> 11588.4 | R102: =+Q102+P102 -> 11588.4 | S102: =+J102-R102 -> 0 | T102: =IF(Q102=0,J102-P102-R102,J102-Q102-P102-S102) -> 0
...

Sheet Fácil
O2: 45563
O3: =DATE(YEAR(O2),MONTH(O2),1) -> 45536
C4: Mes | D4: =O2 -> 45563
A6: Nro | B6: Cod. | C6: Grupo | D6: Descripción | E6: Fecha Ad. | F6: Costo | G6: V.U. (meses) | H6: Inicio Dep | I6: Fin Dep. | J6: Dep. Mensual | K6: Meses de Uso | L6: Dep. Ant | M6: Dep Mes | N6: Dep. Acumulada | O6: V.S.L | P6: verfi.
A7: 1 | B7: 201 | C7: Mobiliario | D7: Silla | E7: 42075 | F7: 103 | G7: 120 | H7: =DATE(YEAR(E7),MONTH(E7),1) -> 42064 | I7: =EDATE(H7,G7)-1 -> 45716 | J7: =+F7/G7 -> 0.85833333 | K7: =IF($O$3<H7,"N",IF($O$3>I7,"T",DATEDIF(H7,$O$3,"m"))) -> 114 | L7: =IF(K7="t",G7*J7,IF(ISNUMBER(K7),K7*J7,0)) -> 97.85 | M7: =IF(ISNUMBER(K7),J7,0) -> 0.85833333 | N7: =+L7+M7 -> 98.708333 | O7: =+F7-N7 -> 4.2916667 | P7: =IF(L7=0,F7-M7-N7,F7-L7-M7-O7) -> 8.8817842e-16
A8: 2 | B8: 203 | C8: Mobiliario | D8: Lamparas | E8: 42587 | F8: 200 | G8: 60 | H8: =DATE(YEAR(E8),MONTH(E8),1) -> 42583 | I8: =EDATE(H8,G8)-1 -> 44408 | J8: =+F8/G8 -> 3.3333333 | K8: =IF($O$3<H8,"N",IF($O$3>I8,"T",DATEDIF(H8,$O$3,"m"))) -> T | L8: =IF(K8="t",G8*J8,IF(ISNUMBER(K8),K8*J8,0)) -> 200 | M8: =IF(ISNUMBER(K8),J8,0) -> 0 | N8: =+L8+M8 -> 200 | O8: =+F8-N8 -> 0 | P8: =IF(L8=0,F8-M8-N8,F8-L8-M8-O8) -> 0
A9: 3 | B9: 202 | C9: Mobiliario | D9: Computadora | E9: 42835 | F9: 500 | G9: 60 | H9: =DATE(YEAR(E9),MONTH(E9),1) -> 42826 | I9: =EDATE(H9,G9)-1 -> 44651 | J9: =+F9/G9 -> 8.3333333 | K9: =IF($O$3<H9,"N", IF($O$3>I9,"T", DATEDIF(H9,$O$3,"m"))) -> T | L9: =IF(K9="t",G9*J9,IF(ISNUMBER(K9),K9*J9,0)) -> 500 | M9: =IF(ISNUMBER(K9),J9,0) -> 0 | N9: =+L9+M9 -> 500 | O9: =+F9-N9 -> 0 | P9: =IF(L9=0,F9-M9-N9,F9-L9-M9-O9) -> -5.6843419e-14
A10: 4 | B10: 204 | C10: Mobiliario | D10: Escritorio ejec. | E10: 43331 | F10: 251 | G10: 180 | H10: =DATE(YEAR(E10),MONTH(E10),1) -> 43313 | I10: =EDATE(H10,G10)-1 -> 48791 | J10: =+F10/G10 -> 1.3944444 | K10: =IF($O$3<H10,"N", IF($O$3>I10,"T", DATEDIF(H10,$O$3,"m"))) -> 73 | L10: =IF(K10="t",G10*J10,IF(ISNUMBER(K10),K10*J10,0)) -> 101.79444 | M10: =IF(ISNUMBER(K10),J10,0) -> 1.3944444 | N10: =+L10+M10 -> 103.18889 | O10: =+F10-N10 -> 147.81111 | P10: =IF(L10=0,F10-M10-N10,F10-L10-M10-O10) -> 0
A11: 5 | B11: 205 | C11: Mobiliario | D11: Silla Ejec. | E11: 43485 | F11: 357 | G11: 60 | H11: =DATE(YEAR(E11),MONTH(E11),1) -> 43466 | I11: =EDATE(H11,G11)-1 -> 45291 | J11: =+F11/G11 -> 5.95 | K11: =IF($O$3<H11,"N",IF($O$3>I11,"T",DATEDIF(H11,$O$3,"m"))) -> T | L11: =IF(K11="t",G11*J11,IF(ISNUMBER(K11),K11*J11,0)) -> 357 | M11: =IF(ISNUMBER(K11),J11,0) -> 0 | N11: =+L11+M11 -> 357 | O11: =+F11-N11 -> 0 | P11: =IF(L11=0,F11-M11-N11,F11-L11-M11-O11) -> 0
A12: 6 | B12: 206 | C12: Mobiliario | D12: Cafetera | E12: 43604 | F12: 248 | G12: 60 | H12: =DATE(YEAR(E12),MONTH(E12),1) -> 43586 | I12: =EDATE(H12,G12)-1 -> 45412 | J12: =+F12/G12 -> 4.1333333 | K12: =IF($O$3<H12,"N",IF($O$3>I12,"T",DATEDIF(H12,$O$3,"m"))) -> T | L12: =IF(K12="t",G12*J12,IF(ISNUMBER(K12),K12*J12,0)) -> 248 | M12: =IF(ISNUMBER(K12),J12,0) -> 0 | N12: =+L12+M12 -> 248 | O12: =+F12-N12 -> 0 | P12: =IF(L12=0,F12-M12-N12,F12-L12-M12-O12) -> -2.8421709e-14
A13: 7 | B13: 207 | C13: Mobiliario | D13: Microhondas | E13: 43683 | F13: 218 | G13: 60 | H13: =DATE(YEAR(E13),MONTH(E13),1) -> 43678 | I13: =EDATE(H13,G13)-1 -> 45504 | J13: =+F13/G13 -> 3.6333333 | K13: =IF($O$3<H13,"N",IF($O$3>I13,"T",DATEDIF(H13,$O$3,"m"))) -> T | L13: =IF(K13="t",G13*J13,IF(ISNUMBER(K13),K13*J13,0)) -> 218 | M13: =IF(ISNUMBER(K13),J13,0) -> 0 | N13: =+L13+M13 -> 218 | O13: =+F13-N13 -> 0 | P13: =IF(L13=0,F13-M13-N13,F13-L13-M13-O13) -> 0
A14: 8 | B14: 208 | C14: Mobiliario | D14: Monitor 75" | E14: 43814 | F14: 975 | G14: 36 | H14: =DATE(YEAR(E14),MONTH(E14),1) -> 43800 | I14: =EDATE(H14,G14)-1 -> 44895 | J14: =+F14/G14 -> 27.083333 | K14: =IF($O$3<H14,"N",IF($O$3>I14,"T",DATEDIF(H14,$O$3,"m"))) -> T | L14: =IF(K14="t",G14*J14,IF(ISNUMBER(K14),K14*J14,0)) -> 975 | M14: =IF(ISNUMBER(K14),J14,0) -> 0 | N14: =+L14+M14 -> 975 | O14: =+F14-N14 -> 0 | P14: =IF(L14=0,F14-M14-N14,F14-L14-M14-O14) -> 0
A15: 9 | B15: 200 | C15: Mobiliario | D15: Mesa | E15: 43831 | F15: 100 | G15: 3 | H15: =DATE(YEAR(E15),MONTH(E15),1) -> 43831 | I15: =EDATE(H15,G15)-1 -> 43921 | J15: =+F15/G15 -> 33.333333 | K15: =IF($O$3<H15,"N",IF($O$3>I15,"T",DATEDIF(H15,$O$3,"m"))) -> T | L15: =IF(K15="t",G15*J15,IF(ISNUMBER(K15),K15*J15,0)) -> 100 | M15: =IF(ISNUMBER(K15),J15,0) -> 0 | N15: =+L15+M15 -> 100 | O15: =+F15-N15 -> 0 | P15: =IF(L15=0,F15-M15-N15,F15-L15-M15-O15) -> 0 | Q15: =DATEDIF(H15,I15,"M") -> 2
L16: =SUM(L7:L15) -> 2797.6444 | M16: =SUM(M7:M15) -> 2.2527778 | N16: =SUM(N7:N15) -> 2799.8972 | O16: =SUM(O7:O15) -> 152.10278
E23: Inicio | L23: FIN
E24: =H7 -> 42064 | L24: =I7 -> 45716
H25: F. Trabajo
A26: Fechas | D26: =IF($O$3<$E$24,$O$3,"") | H26: =IF(AND($O$3>=$E$24,$O$3<$L$24),$O$3,"") -> 45536 | M26: =IF($O$3>$L$24,$O$3,"")
A27: Meses | D27: =IF(D26<>"",0,"") | G27: Meses Usados | H27: =IF(H26<>"",DATEDIF(E24,H26,"M"),"") -> 114 | M27: =IF(M26<>"",DATEDIF(E24,L24,"M")+1,"")
B39: https://www.amazon.com.mx/AK45-Amplificador-40-400-ultragraves/dp/B0BWQFKY58/ref=sr_1_7?__mk_es_MX=%C3%85M%C3%85%C5%BD%C3%95%C3%91&crid=3EKIIFNH5JF4P&keywords=amplificador+de+audio+para+casa+POTENTES&qid=1692998228&s=electronics&sprefix=amplificador+de+audio+para+casa+potentes+%2Celectronics%2C769&sr=1-7&ufe=app_do%3Aamzn1.fos.4e545b5e-1d45-498b-8193-a253464ffa47
B40: https://www.amazon.com.mx/Pyle-PDA7BU-Amplificador/dp/B0777B3TYQ/ref=sr_1_8?__mk_es_MX=%C3%85M%C3%85%C5%BD%C3%95%C3%91&crid=3EKIIFNH5JF4P&keywords=amplificador%2Bde%2Baudio%2Bpara%2Bcasa%2BPOTENTES&qid=1692998510&s=electronics&sprefix=amplificador%2Bde%2Baudio%2Bpara%2Bcasa%2Bpotentes%2B%2Celectronics%2C769&sr=1-8&ufe=app_do%3Aamzn1.fos.4e545b5e-1d45-498b-8193-a253464ffa47&th=1
B41: https://www.amazon.com.mx/gp/product/B078YJK17G/ref=sw_img_1?smid=A1G99GVHAT2WD8&th=1

Sheet Difícil
N2: =TODAY() -> 45170
N3: =DATE(YEAR(N2),MONTH(N2),1) -> 45170
C4: Mes | D4: =N2 -> 45170
A6: Nro | B6: Cod. | C6: Grupo | D6: Descripción | E6: Fecha Ad. | F6: Costo | G6: V.U. (meses) | H6: Inicio Dep | I6: Fin Dep. | J6: Dep. Mensual | K6: Dep. Ant | L6: Dep Mes | M6: Dep. Acumulada | N6: V.S.L | O6: verfi.
A7: 1 | B7: 201 | C7: Mobiliario | D7: Silla | E7: 42075 | F7: 103 | G7: 120 | H7: =DATE(YEAR(E7),MONTH(E7),1) -> 42064 | I7: =EDATE(H7,G7)-1 -> 45716 | J7: =+F7/G7 -> 0.85833333 | K7: =IF(AND(($N$3>=$H7),($N$3<=$I7)), DATEDIF($H7,$N$3,"m")*J7, IF($N$3>I7,J7*G7,0)) -> 87.55 | L7: =IF(AND($N$3>=$H7,$N$3<$I7),$J7,0) -> 0.85833333 | M7: =IF($N$3>$I7, (DATEDIF($H7,$I7,"m")+1)*$J7, $K7+$L7) -> 88.408333 | N7: =+F7-M7 -> 14.591667 | O7: =IF(K7=0,F7-L7-M7,F7-K7-L7-N7) -> 1.7763568e-15
A8: 2 | B8: 203 | C8: Mobiliario | D8: Lamparas | E8: 42587 | F8: 200 | G8: 60 | H8: =DATE(YEAR(E8),MONTH(E8),1) -> 42583 | I8: =EDATE(H8,G8)-1 -> 44408 | J8: =+F8/G8 -> 3.3333333 | K8: =IF(AND(($N$3>=$H8),($N$3<=$I8)), DATEDIF($H8,$N$3,"m")*J8, IF($N$3>I8,J8*G8,0)) -> 200 | L8: =IF(AND($N$3>=$H8,$N$3<$I8),$J8,0) -> 0 | M8: =IF($N$3>$I8,(DATEDIF($H8,$I8,"m")+1)*$J8,$K8+$L8) -> 200 | N8: =+F8-M8 -> 0 | O8: =IF(K8=0,F8-L8-M8,F8-K8-L8-N8) -> 0
A9: 3 | B9: 202 | C9: Mobiliario | D9: Computadora | E9: 42835 | F9: 500 | G9: 60 | H9: =DATE(YEAR(E9),MONTH(E9),1) -> 42826 | I9: =EDATE(H9,G9)-1 -> 44651 | J9: =+F9/G9 -> 8.3333333 | K9: =IF(AND(($N$3>=$H9),($N$3<=$I9)), DATEDIF($H9,$N$3,"m")*J9, IF($N$3>I9,J9*G9,0)) -> 500 | L9: =IF(AND($N$3>=$H9,$N$3<$I9),$J9,0) -> 0 | M9: =IF($N$3>$I9,(DATEDIF($H9,$I9,"m")+1)*$J9,$K9+$L9) -> 500 | N9: =+F9-M9 -> 0 | O9: =IF(K9=0,F9-L9-M9,F9-K9-L9-N9) -> -5.6843419e-14
A10: 4 | B10: 204 | C10: Mobiliario | D10: Escritorio ejec. | E10: 43331 | F10: 251 | G10: 180 | H10: =DATE(YEAR(E10),MONTH(E10),1) -> 43313 | I10: =EDATE(H10,G10)-1 -> 48791 | J10: =+F10/G10 -> 1.3944444 | K10: =IF(AND(($N$3>=$H10),($N$3<=$I10)), DATEDIF($H10,$N$3,"m")*J10, IF($N$3>I10,J10*G10,0)) -> 85.061111 | L10: =IF(AND($N$3>=$H10,$N$3<$I10),$J10,0) -> 1.3944444 | M10: =IF($N$3>$I10,(DATEDIF($H10,$I10,"m")+1)*$J10,$K10+$L10) -> 86.455556 | N10: =+F10-M10 -> 164.54444 | O10: =IF(K10=0,F10-L10-M10,F10-K10-L10-N10) -> 0
A11: 5 | B11: 205 | C11: Mobiliario | D11: Silla Ejec. | E11: 43485 | F11: 357 | G11: 60 | H11: =DATE(YEAR(E11),MONTH(E11),1) -> 43466 | I11: =EDATE(H11,G11)-1 -> 45291 | J11: =+F11/G11 -> 5.95 | K11: =IF(AND(($N$3>=$H11),($N$3<=$I11)), DATEDIF($H11,$N$3,"m")*J11, IF($N$3>I11,J11*G11,0)) -> 333.2 | L11: =IF(AND($N$3>=$H11,$N$3<$I11),$J11,0) -> 5.95 | M11: =IF($N$3>$I11,(DATEDIF($H11,$I11,"m")+1)*$J11,$K11+$L11) -> 339.15 | N11: =+F11-M11 -> 17.85 | O11: =IF(K11=0,F11-L11-M11,F11-K11-L11-N11) -> -1.0658141e-14
A12: 6 | B12: 206 | C12: Mobiliario | D12: Cafetera | E12: 43604 | F12: 248 | G12: 60 | H12: =DATE(YEAR(E12),MONTH(E12),1) -> 43586 | I12: =EDATE(H12,G12)-1 -> 45412 | J12: =+F12/G12 -> 4.1333333 | K12: =IF(AND(($N$3>=$H12),($N$3<=$I12)), DATEDIF($H12,$N$3,"m")*J12, IF($N$3>I12,J12*G12,0)) -> 214.93333 | L12: =IF(AND($N$3>=$H12,$N$3<$I12),$J12,0) -> 4.1333333 | M12: =IF($N$3>$I12,(DATEDIF($H12,$I12,"m")+1)*$J12,$K12+$L12) -> 219.06667 | N12: =+F12-M12 -> 28.933333 | O12: =IF(K12=0,F12-L12-M12,F12-K12-L12-N12) -> -7.1054274e-15
A13: 7 | B13: 207 | C13: Mobiliario | D13: Microhondas | E13: 43683 | F13: 218 | G13: 60 | H13: =DATE(YEAR(E13),MONTH(E13),1) -> 43678 | I13: =EDATE(H13,G13)-1 -> 45504 | J13: =+F13/G13 -> 3.6333333 | K13: =IF(AND(($N$3>=$H13),($N$3<=$I13)), DATEDIF($H13,$N$3,"m")*J13, IF($N$3>I13,J13*G13,0)) -> 178.03333 | L13: =IF(AND($N$3>=$H13,$N$3<$I13),$J13,0) -> 3.6333333 | M13: =IF($N$3>$I13,(DATEDIF($H13,$I13,"m")+1)*$J13,$K13+$L13) -> 181.66667 | N13: =+F13-M13 -> 36.333333 | O13: =IF(K13=0,F13-L13-M13,F13-K13-L13-N13) -> -7.1054274e-15
A14: 8 | B14: 208 | C14: Mobiliario | D14: Monitor 75" | E14: 43814 | F14: 975 | G14: 36 | H14: =DATE(YEAR(E14),MONTH(E14),1) -> 43800 | I14: =EDATE(H14,G14)-1 -> 44895 | J14: =+F14/G14 -> 27.083333 | K14: =IF(AND(($N$3>=$H14),($N$3<=$I14)), DATEDIF($H14,$N$3,"m")*J14, IF($N$3>I14,J14*G14,0)) -> 975 | L14: =IF(AND($N$3>=$H14,$N$3<$I14),$J14,0) -> 0 | M14: =IF($N$3>$I14,(DATEDIF($H14,$I14,"m")+1)*$J14,$K14+$L14) -> 975 | N14: =+F14-M14 -> 0 | O14: =IF(K14=0,F14-L14-M14,F14-K14-L14-N14) -> 0
A15: 9 | B15: 200 | C15: Mobiliario | D15: Mesa | E15: 43831 | F15: 100 | G15: 3 | H15: =DATE(YEAR(E15),MONTH(E15),1) -> 43831 | I15: =EDATE(H15,G15)-1 -> 43921 | J15: =+F15/G15 -> 33.333333 | K15: =IF(AND(($N$3>=$H15),($N$3<=$I15)), DATEDIF($H15,$N$3,"m")*J15, IF($N$3>I15,J15*G15,0)) -> 100 | L15: =IF(AND($N$3>=$H15,$N$3<=$I15),$J15,0) -> 0 | M15: =IF($N$3>$I15,(DATEDIF($H15,$I15,"m")+1)*$J15,$K15+$L15) -> 100 | N15: =+F15-M15 -> 0 | O15: =IF(K15=0,F15-L15-M15,F15-K15-L15-N15) -> 0 | P15: =DATEDIF(H15,I15,"M") -> 2
K16: =SUM(K7:K15) -> 2673.7778 | L16: =SUM(L7:L15) -> 15.969444 | M16: =SUM(M7:M15) -> 2689.7472 | N16: =SUM(N7:N15) -> 262.25278
E23: Inicio | K23: FIN
E24: =H7 -> 42064 | K24: =I7 -> 45716
H25: F. Trabajo
A26: Fechas | D26: =IF($N$3<$E$24,$N$3,"") | H26: =IF(AND($N$3>=$E$24,$N$3<$K$24),$N$3,"") -> 45170 | L26: =IF($N$3>$K$24,$N$3,"")
A27: Meses | D27: =IF(D26<>"",0,"") | G27: Meses Usados | H27: =IF(H26<>"",DATEDIF(E24,H26,"M"),"") -> 102 | L27: =IF(L26<>"",DATEDIF(E24,K24,"M")+1,"")

Sheet Hoja2
B3: Fecha | C3: Día | D3: Mes | E3: Año | F3: Fecha(Año;mes;día)
B4: =Difícil!$E7 -> 42075 | C4: 1 | D4: =MONTH(B4) -> 3 | E4: =YEAR(B4) -> 2015 | F4: =DATE(E4,D4,C4) -> 42064
B5: =Difícil!$E8 -> 42587 | F5: =DATE(YEAR(B5),MONTH(B5),1) -> 42583
B6: =Difícil!$E9 -> 42835 | F6: =DATE(YEAR(B6),MONTH(B6),1) -> 42826
B7: =Difícil!$E10 -> 43331 | F7: =DATE(YEAR(B7),MONTH(B7),1) -> 43313
B8: =Difícil!$E11 -> 43485 | F8: =DATE(YEAR(B8),MONTH(B8),1) -> 43466
B9: =Difícil!$E12 -> 43604 | F9: =DATE(YEAR(B9),MONTH(B9),1) -> 43586

Sheet SI
C4: TRUE
D5: Prueba Lógica | E5: > | G5: Resultado cuando Si es Verdadero | H5: A es Mayor que B
D6: Valor A | E6: 8 | G6: Resultado cuando Si es Falso | H6: B es Mayor que A
B7: Si | D7: Valor B | E7: 7 | G7: =si(Valor A>Valor B; "A es mayor que B"; "B es mayor que A")
D8: =E6>E7 -> TRUE
D9: =IF(E6>E7,"A es mayor que B","B es mayor que A") -> A es mayor que B
C11: FALSE

Sheet Y
C5: Función Lógica | E5: Cuando Todos los Argumentos son VERDADEROS, Devuelve un VERDADERO
C6: Y
C10: Evaluación Situación Actual del Covid - 19
A11: Pregunta | D11: Respuesta | E11: Binario | H11: Resultado
A12: ¿Estoy en Casa? | D12: si | E12: 1 | H12: =AND(D12="si",D13="si",D14="si") -> TRUE | I12: =AND(E12,E13,E14) -> TRUE
A13: ¿Puedo Trabajar en Casa? | D13: SI | E13: 1
A14: ¿Aprendo en casa? | D14: si | E14: 1 | F14: Combinar Función SI con Y
F16: =IF(AND(D12="si",D13="si",D14="si"),"Excelente Cuarentena","#Quedateencasa") -> Excelente Cuarentena

Sheet SIfecha
B4: ¿Cuántos Años? | E4: =SIFECHA(inicio;fin;"TIPO")
B5: ¿Cuántos Meses?
B6: ¿Cuántos Días?
C8: Inicio | D8: Fin | E8: Cantidad | G8: Tipo | I8: En Términos Generales
C9: 29221 | D9: =TODAY() -> 45170 | E9: =DATEDIF($C9,$D9,"y") -> 43 | F9: Años | G9: "Y"
C10: =+C9 -> 29221 | D10: =+D9 -> 45170 | E10: =DATEDIF($C10,$D10,"m") -> 524 | F10: Meses | G10: "M"
C11: 29221 | D11: =+D9 -> 45170 | E11: =DATEDIF($C11,$D11,"d") -> 15949 | F11: Días | G11: "D"
C13: Inicio | D13: Fin | E13: Cantidad | G13: Tipo | I13: En Términos Específicos
C14: 29221 | D14: =TODAY() -> 45170 | E14: =DATEDIF($C14,$D14,"y") -> 43 | F14: Años | G14: "Y"
C15: =+C14 -> 29221 | D15: =+D14 -> 45170 | E15: =DATEDIF($C15,$D15,"Ym") -> 8 | F15: Meses | G15: "YM"
C16: 29221 | D16: =+D14 -> 45170 | E16: =DATEDIF($C16,$D16,"Md") -> 0 | F16: Días | G16: "MD"
C18: Inicio | D18: Fin | E18: Cantidad | G18: Tipo | I18: Tomar en Cuenta que …
C19: 43831 | D19: =TODAY() -> 45170 | E19: =DATEDIF($C19,$D19,"y") -> 3 | F19: Años | G19: "Y" | I19: Lapsos de Tiempo Completos
C20: =+C19 -> 43831 | D20: =+D19 -> 45170 | E20: =DATEDIF($C20,$D20,"Ym") -> 8 | F20: Meses | G20: "YM"
C21: =+C19 -> 43831 | D21: =+D19 -> 45170 | E21: =DATEDIF($C21,$D21,"Md") -> 0 | F21: Días | G21: "MD" | I21: =NOW() -> 45170.631
C23: Inicio | D23: Fin | E23: Cantidad | G23: Tipo | I23: Excelente para el Análisis de Créditos
C24: 43845 | D24: =TODAY() -> 45170 | E24: =DATEDIF($C24,$D24,"y") -> 3 | F24: Años | G24: "Y"
C25: =+C24 -> 43845 | D25: =+D24 -> 45170 | E25: =DATEDIF($C25,$D25,"Ym") -> 7 | F25: Meses | G25: "YM"
C26: =+C25 -> 43845 | D26: =+D24 -> 45170 | E26: =DATEDIF($C26,$D26,"Md") -> 17 | F26: Días | G26: "MD"
C27: =+C26 -> 43845 | D27: =+D25 -> 45170 | E27: =DATEDIF($C27,$D27,"d") -> 1325 | F27: Días | G27: "D"

Sheet YAHUALICA
A3: N° INVENTARIO
A4: No. INVENTARIO | B4: BIEN MUEBLE E INMUEBLE | C4: MARCA | D4: MODELO | E4: SERIE | F4: AREA DE ADSCRIPCION | G4: VALOR DEL BIEN TRANSPARENCIA | H4: Valor de adquisición | I4: Depreciación acumulada | J4: Valor en libros | K4: FECHA DE ADQUISICION | L4: OBSERVACIONES | M4: usuario | N4: ubicación | O4: foto
A5: 5150010002-019 | B5: COMPUTADORA PERSONAL MULTIMEDIA, COMPAQ PRESARIO CQ1-140LA PC, COLOR NEGRO, PANTALLA LCD ANCHA HD 18,5", 16:9, PROCESADOR INTEL ATOM D525, MEMORIA INTERNA DE 2GB, DISCO DURO DE 500 GB, GRABADOR DE DVD, TARJETA GRAFICA INTEGRADA, INTEL GMA 3150, RED INALAMBRICA 802.11b/g/n, CAMARA WEP, TECLADO Y MOUSE OPTICO, LECTOR DE TARJETAS DE MEMORIA 6 EN 1, WINDOWS 7 STARTED ORIGINAL 32 BIT, OFFICE 2010, APROBADO POR ENERGY STAR | C5: COMPAC | D5: CQ1-1407LA | E5: 3CR21005Y1 | F5: CONTRALORÍA MUNICIPAL | G5: 5999.01 | H5: =VLOOKUP(A5,[1]vc!A:R,14,FALSE) -> 5999.01 | I5: =VLOOKUP(A5,[1]vc!A:R,15,FALSE) -> 5998.01 | J5: =VLOOKUP(A5,[1]vc!A:R,16,FALSE) -> 5999.01 | K5: =VLOOKUP(A5,[1]vc!A:R,12,FALSE) -> 41127 | L5: REGULAR | N5: PLANEACION
A6: 5150010001-051 | B6: LAPTOP DELL INSPIRON 14 3467, PROCESADOR INTEL CORE I5 7200U (HASTA 3.10 GHz), MEMORIA RAM DE 8GB DDR4, DISCO DURO DE 1TB, PANTALLA DE 14" LED, VIDEO HD GRAPHICS 620, UNIDAD ÓPTICA DVD+R/RW, SISTEMA OPERATIVO WINDOWS 10 HOME (64 BITS) | C6: DELL | D6: INSPIRON 14 3467 | E6: 4T23FT2 | F6: CONTRALORÍA MUNICIPAL | G6: 19980 | H6: =VLOOKUP(A6,[1]vc!A:R,14,FALSE) -> 19980 | I6: =VLOOKUP(A6,[1]vc!A:R,15,FALSE) -> 5544.45 | J6: =VLOOKUP(A6,[1]vc!A:R,16,FALSE) -> 19980 | K6: =VLOOKUP(A6,[1]vc!A:R,12,FALSE) -> 43704 | L6: NO FUNCIONA
A7: 5150010001-028 | B7: LAPTOP DELL LATITUDE E3470: PROCESADOR INTEL CORE I5 6200U, MEMORIA DE 4GB DDR3L, DISCO DURO 1TB, PANTALLA DE 14 LED, VIDEO INTEL HD GRAPHICS 520, UNIDAD ÓPTICA NO INCLUIDA, S.O. WINDOWS 10 PRO 64 BITS. | C7: DELL | D7: LATITUDE E3470 | E7: 9MHPWB2 | F7: CONTRALORÍA MUNICIPAL | G7: 23569.33 | H7: =VLOOKUP(A7,[1]vc!A:R,14,FALSE) -> 23569.33 | I7: =VLOOKUP(A7,[1]vc!A:R,15,FALSE) -> 22891.708 | J7: =VLOOKUP(A7,[1]vc!A:R,16,FALSE) -> 23569.33 | K7: =VLOOKUP(A7,[1]vc!A:R,12,FALSE) -> 42923 | L7: PANTALLA DAÑADA
A17: DATOS | D17: CARACTERISTICAS | J17: VALORES | Q17: LOCALIZACION FÍSICA DEL BIEN | S17: DATOS DE ADQUISICION O ALTA | U17: DATOS DEL RESGUARDANTE | X17: MOTIVO POR EL CUAL NO HA SIDO ASIGNADO | Y17: DATOS DE LA BAJA | AD17: COMENTARIO
A18: SUBCUENTA ARMONIZADA | B18: CÓDIGO DE LA PARTIDA ESPECIFICA | C18: NÚM. DE INVENTARIO | D18: TIPO DE POSESIÓN | E18: DESCRIPCIÓN DEL BIEN | F18: MARCA | G18: MODELO | H18: NÚM. DE SERIE | I18: ESTADO DEL BIEN | J18: COSTO DE ADQUISICIÓN | K18: DEPRECIACIÓN ACUMULADA | L18: VALOR EN LIBROS | M18: PÓLIZA No. | N18: FECHA DE POLIZA | O18: DOCUMENTO QUE AMPARE LA PROPIEDAD DEL BIEN | P18: FECHA DEL DOCUMENTO | Q18: AREA RESPONSABLE | R18: AREA PRESUPUESTAL | S18: FECHA DE ADQUISICION O ALTA | T18: TIPO DE ALTA | U18: RFC | V18: NOMBRE (S) | W18: FECHA DEL RESGUARDO | Y18: FECHA DE BAJA | Z18: TIPO DE BAJA | AA18: DOCUMENTO QUE AMPARA LA BAJA | AB18: PÓLIZA No. | AC18: FECHA DE PÓLIZA
A19: 1.2.4.1.3 | B19: 515 | C19: 5150012023-000 | D19: I | E19: COMPUTADORA HP ALL IN ONE 205G422 | F19: HP | G19: 205 G4 22 | H19: E142692 | I19: N | J19: 14848 | K19: 0 | L19: 14848 | M19: C00147 | N19: 45009 | O19: CFDI | P19: 45009 | Q19: SECRETARÍA DE LA TESORERÍA MUNICIPAL | R19: SECRETARÍA DE LA TESORERÍA MUNICIPAL | S19: 45009 | T19: CM | U19: 0 | V19: FAUSTINO BAUTISTA RAMÍREZ | W19: 45009 | X19: NA | Y19: 0 | Z19: 0 | AA19: 0 | AB19: 0 | AC19: 0 | AD19: NUNGUNA
A20: 1.2.4.1.3 | B20: 515 | C20: 5150012023-001 | D20: I | E20: SERVIDOR DELL | F20: DELL | G20: POWEREDGE | H20: T40INTEL XEON E-222 | I20: N | J20: 33640 | K20: 0 | L20: 33640 | M20: C00148 | N20: 45008 | O20: CFDI | P20: 45008 | Q20: SECRETARÍA DE LA TESORERÍA MUNICIPAL | R20: SECRETARÍA DE LA TESORERÍA MUNICIPAL | S20: 45008 | T20: CM | U20: 0 | V20: FAUSTINO BAUTISTA RAMÍREZ | W20: 45008 | X20: NA | Y20: 0 | Z20: 0 | AA20: 0 | AB20: 0 | AC20: 0 | AD20: NUNGUNA
A21: 1.2.4.1.3 | B21: 515 | C21: 5150012023-002 | D21: I | E21: ESCANER | F21: DUPLEX | G21: FUJITSU | H21: FI-6130Z | I21: N | J21: 9860 | K21: 0 | L21: 9860 | M21: C00149 | N21: 45009 | O21: CFDI | P21: 45009 | Q21: SECRETARÍA DE LA TESORERÍA MUNICIPAL | R21: SECRETARÍA DE LA TESORERÍA MUNICIPAL | S21: 45009 | T21: CM | U21: 0 | V21: FAUSTINO BAUTISTA RAMÍREZ | W21: 45009 | X21: NA | Y21: 0 | Z21: 0 | AA21: 0 | AB21: 0 | AC21: 0 | AD21: NUNGUNA
A22: 1.2.4.1.3 | B22: 515 | C22: 5150012023-003 | D22: I | E22: MINI PC INTEL | F22: CY XPC | G22: PROC.N5105 | H22: GK3 PRO | I22: N | J22: 15899.98 | K22: 0 | L22: 15899.98 | M22: C00481 | N22: 45033 | O22: CFDI | P22: 45033 | Q22: SECRETARÍA DE LA TESORERÍA MUNICIPAL | R22: SECRETARÍA DE LA TESORERÍA MUNICIPAL | S22: 45033 | T22: CM | U22: 0 | V22: FAUSTINO BAUTISTA RAMÍREZ | W22: 45033 | X22: NA | Y22: 0 | Z22: 0 | AA22: 0 | AB22: 0 | AC22: 0 | AD22: NUNGUNA
A23: 1.2.4.1.3 | B23: 515 | C23: 5150012023-004 | D23: I | E23: IMPRESORA MULTIFUNCIONAL EPSON | F23: EPSON | G23: L3210 | H23: X8HJ052512 | I23: N | J23: 5395 | K23: 0 | L23: 5395 | M23: C00471 | N23: 45049 | O23: CFDI | P23: 45049 | Q23: REGLAMENTOS Y ESPECTACULO | R23: REGLAMENTOS Y ESPECTACULO | S23: 45049 | T23: CM | U23: 0 | V23: PEDRO SANJUAN BALTAZAR | W23: 45049 | X23: NA | Y23: 0 | Z23: 0 | AA23: 0 | AB23: 0 | AC23: 0 | AD23: NUNGUNA
A24: 1.2.4.1.3 | B24: 515 | C24: 5150012023-005 | D24: I | E24: SCANNER EPSON | F24: EPSON | G24: ES-400 | H24: X8PZ120745 | I24: N | J24: 14785 | K24: 0 | L24: 14785 | M24: C00442 | N24: 45069 | O24: CFDI | P24: 45069 | Q24: SECRETARÍA DE LA TESORERÍA MUNICIPAL | R24: SECRETARÍA DE LA TESORERÍA MUNICIPAL | S24: 45069 | T24: CM | U24: 0 | V24: LUCINA RODRIGUEZ CANALES | W24: 45069 | X24: NA | Y24: 0 | Z24: 0 | AA24: 0 | AB24: 0 | AC24: 0 | AD24: NUNGUNA
A25: 1.2.4.1.3 | B25: 515 | C25: 5150012023-006 | D25: I | E25: IMPRESORA MULTIFUNCIONAL BROTHER | F25: BROTHER | G25: T-220 | H25: INKEFIT | I25: N | J25: 4745 | K25: 0 | L25: 4745 | M25: C00441 | N25: 45070 | O25: CFDI | P25: 45070 | Q25: DIF MUNICIPAL | R25: DIF MUNICIPAL | S25: 45070 | T25: CM | U25: 0 | V25: JULIAN HERNANDEZ BAUTISTA | W25: 45070 | X25: NA | Y25: 0 | Z25: 0 | AA25: 0 | AB25: 0 | AC25: 0 | AD25: NUNGUNA
A26: 1.2.4.1.3 | B26: 515 | C26: 5150012023-007 | D26: I | E26: LAPTOP HP | F26: HP | G26: CELERON N 4500 | H26: WINDOWS 11 | I26: N | J26: 8555 | K26: 0 | L26: 8555 | M26: C00441 | N26: 45070 | O26: CFDI | P26: 45070 | Q26: DIF MUNICIPAL | R26: DIF MUNICIPAL | S26: 45070 | T26: CM | U26: 0 | V26: JULIAN HERNANDEZ BAUTISTA | W26: 45070 | X26: NA | Y26: 0 | Z26: 0 | AA26: 0 | AB26: 0 | AC26: 0 | AD26: NUNGUNA
